Workbook
Name ADMINISTRATIVO: TODO[DIRECCION ADMINISTRATIVA]
Name ADMINISTRATIVO: TODO[DIRECCION ADMINISTRATIVA]
Name ALCALDIA: TODO[ALCALDIA]
Name ALCALDIA: TODO[ALCALDIA]
Name Competencias: [1]Insumos!$AA$2:$AA$40
Name DESARROLLO: TODO[DIRECCION DE DESARROLLO LOCAL]
Name DESARROLLO: TODO[DIRECCION DE DESARROLLO LOCAL]
Name FINANCIERO: TODO[DIRECCION FINANCIERA]
Name FINANCIERO: TODO[DIRECCION FINANCIERA]
Name METAS: META_INDICADOR[[#All],[METAS]]
Name MIES: TODO[MIES]
Name MIES: TODO[MIES]
Name Modalidades: [1]Insumos!$AB$2:$AB$11
Name OBJETIVOS: Tabla125[OBJETIVOS]
Name OBRAS: TODO[DIRECCION DE OBRAS PUBLICAS]
Name OBRAS: TODO[DIRECCION DE OBRAS PUBLICAS]
Name ODS: [1]!Tabla20[ODS]
Name OPND1: [1]!Tabla1[[#All],[OPND1]]
Name OPND10: [1]!Tabla10[[#All],[OPND10]]
Name OPND11: [1]!Tabla11[[#All],[OPND11]]
Name OPND12: [1]!Tabla12[[#All],[OPND12]]
Name OPND13: [1]!Tabla13[[#All],[OPND13]]
Name OPND14: [1]!Tabla14[[#All],[OPND14]]
Name OPND15: [1]!Tabla15[[#All],[OPND15]]
Name OPND16: [1]!Tabla16[[#All],[OPND16]]
Name OPND2: [1]!Tabla2[[#All],[OPND2]]
Name OPND3: [1]!Tabla3[[#All],[OPND3]]
Name OPND5: [1]!Tabla5[[#All],[OPND5]]
Name OPND6: [1]!Tabla6[[#All],[OPND6]]
Name OPND7: [1]!Tabla7[[#All],[OPND7]]
Name OPND8: [1]!Tabla8[[#All],[OPND8]]
Name OPND9: [1]!Tabla9[[#All],[OPND9]]
Name PDOT1: Tabla13[PDOT1]
Name PDOT2: Tabla14[PDOT2]
Name PDOT3: Tabla15[PDOT3]
Name PDOT4: Tabla16[PDOT4]
Name PDOT5: Tabla17[PDOT5]
Name PDOT6: Tabla18[PDOT6]
Name PDOT7: Tabla19[PDOT7]
Name PDOT8: Tabla19[PDOT7]
Name PDOTOBJ: OBJPDOT[PDOTOBJ]
Name PLANIFICACION: TODO[DIRECCION DE PLANIFICACION Y ORDENAMIENTO TERRITORIAL]
Name PLANIFICACION: TODO[DIRECCION DE PLANIFICACION Y ORDENAMIENTO TERRITORIAL]
Name REGISTRO: TODO[REGISTRO DE LA PROPIEDAD]
Name REGISTRO: TODO[REGISTRO DE LA PROPIEDAD]
Name Tabla20: Tabla19[PDOT7]

Sheet POA-R
Z3: =6000+2000 -> 8000
A9: MATRIZ DE PLAN OPERATIVO ANUAL (POA) - 2025
A10: ESTRATEGIAS DE ACCION INSTITUCIONAL
A11: GESTION DE ASESORIA $ 419,000.00
A12: DIRECCION | B12: NO. | C12: COD. | D12: Objetivo Estrategico PDyOT | E12: PROYECTO | F12: PLANES - PROGRAMAS - PROYECTOS - ACTIVIDADES | G12: PARTIDA PRESUPUESTARIA | H12: META | I12: INDICADOR | J12: PROGRAMACION CUATRIMESTRAL EN % | N12: DESDE | O12: HASTA | P12: MEDIO DE VERIFICACION | Q12: FONDOS PROPIOS | R12: FONDOS EXTERNOS | S12: SUB-UNIDAD RESPONSABLE | T12: NUEVO / ARRASTRE | U12: OBSERVACION
J13: I | K13: II | L13: III | M13: IV
A14: ALCALDIA | B14: 1 | C14: PDOT7 | D14: =VLOOKUP(C14,PDOT!$A$4:$B$11,2,0) -> Fortalecer los mecanismos de participación ciudadana en la gestión pública y en la implementación de proyectos de desarrollo, asegurando la transparencia y la rendición de cuentas de las autoridades locales. | E14: Gestión de comunicación transparente para la sociedad Guamoteña | F14: EDICIÓN,IMPRESIÓN,REPRODUCCIÓN,PUBLICACIONES,SUSCRIPCIONES,FOTOCOPIADO,TRADUCCIÓN,EMPASTADO,ENMARCACIÓN,SERIGRAFÍA, FOTOGRAFÍA, CARNETIZACIÓN, FILMACIÓN E IMÁGENES SATELITALES. | G14: 5.3.02.04 | H14: Brindar apoyo a 9000 estudiantes de los niveles inicial, básica y bachillerato | I14: =VLOOKUP(H14,PDOT!$B$28:$C$56,2,0) -> Porcentaje de adquisiciones, y procedimientos institucionales realizados vs Porcentaje de adquisiciones, y procedimientos institucionales terminados con éxito. | J14: 0.25 | K14: 0.25 | L14: 0.25 | M14: 0.25 | N14: =IF(J14,"ENERO",IF(K14,"ABRIL",IF(L14,"JULIO",IF(M14,"DICIEMBRE",0)))) -> ENERO | O14: =IF(M14,"DICIEMBRE",IF(L14,"SEPTIEMBRE",IF(K14,"JUNIO",IF(J14,"MARZO",0)))) -> DICIEMBRE | P14: INFORME DE PAGO | Q14: 3716 | S14: ASESORIA JURIDICA | T14: NUEVO | U14: INSTITUCIONAL
A15: ALCALDIA | B15: 2 | C15: PDOT7 | D15: =VLOOKUP(C15,PDOT!$A$4:$B$11,2,0) -> Fortalecer los mecanismos de participación ciudadana en la gestión pública y en la implementación de proyectos de desarrollo, asegurando la transparencia y la rendición de cuentas de las autoridades locales. | F15: DIFUSION DE LAS ACTIVIDADES OBRAS PROYECTOS Y RESOLUCIONES DEL GAD MUNICIPAL DEL CANTÓN GAMOTE A TRAVEZ DE MEDIOS DE COMUNICACIÓN. | G15: 5.3.02.07 | H15: Brindar apoyo a 9000 estudiantes de los niveles inicial, básica y bachillerato | I15: =VLOOKUP(H15,PDOT!$B$28:$C$56,2,0) -> Porcentaje de adquisiciones, y procedimientos institucionales realizados vs Porcentaje de adquisiciones, y procedimientos institucionales terminados con éxito. | J15: 0.25 | K15: 0.25 | L15: 0.25 | M15: 0.25 | N15: =IF(J15,"ENERO",IF(K15,"ABRIL",IF(L15,"JULIO",IF(M15,"DICIEMBRE",0)))) -> ENERO | O15: =IF(M15,"DICIEMBRE",IF(L15,"SEPTIEMBRE",IF(K15,"JUNIO",IF(J15,"MARZO",0)))) -> DICIEMBRE | P15: INFORME DE PAGO | Q15: 15000 | S15: COMUNICACIÓN SOCIAL | T15: NUEVO | U15: INSTITUCIONAL | AC15: BUSCADOR
A16: ALCALDIA | B16: 3 | C16: PDOT7 | D16: =VLOOKUP(C16,PDOT!$A$4:$B$11,2,0) -> Fortalecer los mecanismos de participación ciudadana en la gestión pública y en la implementación de proyectos de desarrollo, asegurando la transparencia y la rendición de cuentas de las autoridades locales. | F16: MANTENIMIENTO DE EQUIPOS INFORMATICOS Y EQUIPOS DE AUDIO Y VIDEO | G16: 5.3.07.04 | H16: Formar una escuela de fútbol para niños y jóvenes del cantón | I16: =VLOOKUP(H16,PDOT!$B$28:$C$56,2,0) -> Numero de visitas a asentamientos humanos consolidados desntro y fuera del Cantón | J16: 0.25 | K16: 0.25 | L16: 0.25 | M16: 0.25 | N16: =IF(J16,"ENERO",IF(K16,"ABRIL",IF(L16,"JULIO",IF(M16,"DICIEMBRE",0)))) -> ENERO | O16: =IF(M16,"DICIEMBRE",IF(L16,"SEPTIEMBRE",IF(K16,"JUNIO",IF(J16,"MARZO",0)))) -> DICIEMBRE | P16: ACTA ENTREGA RECEPCION | Q16: 3000 | S16: COMUNICACIÓN SOCIAL | T16: NUEVO | U16: INSTITUCIONAL
A17: ALCALDIA | B17: 4 | C17: PDOT7 | D17: =VLOOKUP(C17,PDOT!$A$4:$B$11,2,0) -> Fortalecer los mecanismos de participación ciudadana en la gestión pública y en la implementación de proyectos de desarrollo, asegurando la transparencia y la rendición de cuentas de las autoridades locales. | F17: ACCESORIOS PARA LA REPARACION Y MANTENIMIENTO DE EQUIPOS INFORMATICOS Y EQUIPOS DE AUDIO Y VIDEO | G17: 5.3.08.13 | H17: Formar una escuela de fútbol para niños y jóvenes del cantón | I17: =VLOOKUP(H17,PDOT!$B$28:$C$56,2,0) -> Numero de visitas a asentamientos humanos consolidados desntro y fuera del Cantón | J17: 0.25 | K17: 0.25 | L17: 0.25 | M17: 0.25 | N17: =IF(J17,"ENERO",IF(K17,"ABRIL",IF(L17,"JULIO",IF(M17,"DICIEMBRE",0)))) -> ENERO | O17: =IF(M17,"DICIEMBRE",IF(L17,"SEPTIEMBRE",IF(K17,"JUNIO",IF(J17,"MARZO",0)))) -> DICIEMBRE | P17: ACTA ENTREGA RECEPCION | Q17: 2000 | S17: COMUNICACIÓN SOCIAL | T17: NUEVO | U17: INSTITUCIONAL
A18: ALCALDIA | B18: 5 | C18: PDOT7 | D18: =VLOOKUP(C18,PDOT!$A$4:$B$11,2,0) -> Fortalecer los mecanismos de participación ciudadana en la gestión pública y en la implementación de proyectos de desarrollo, asegurando la transparencia y la rendición de cuentas de las autoridades locales. | F18: ADQUISICION DE MATERIALES DE OFICINA | G18: 5.3.08.04 | H18: Formar una escuela de fútbol para niños y jóvenes del cantón | I18: =VLOOKUP(H18,PDOT!$B$28:$C$56,2,0) -> Numero de visitas a asentamientos humanos consolidados desntro y fuera del Cantón | J18: 0.25 | K18: 0.25 | L18: 0.25 | M18: 0.25 | N18: =IF(J18,"ENERO",IF(K18,"ABRIL",IF(L18,"JULIO",IF(M18,"DICIEMBRE",0)))) -> ENERO | O18: =IF(M18,"DICIEMBRE",IF(L18,"SEPTIEMBRE",IF(K18,"JUNIO",IF(J18,"MARZO",0)))) -> DICIEMBRE | P18: INFORME DE SATISFACCION Y ACTA ENTREGA RECEPCION | Q18: 784 | S18: COMUNICACIÓN SOCIAL | T18: NUEVO | U18: INSTITUCIONAL
A19: ALCALDIA | B19: 6 | C19: PDOT7 | D19: =VLOOKUP(C19,PDOT!$A$4:$B$11,2,0) -> Fortalecer los mecanismos de participación ciudadana en la gestión pública y en la implementación de proyectos de desarrollo, asegurando la transparencia y la rendición de cuentas de las autoridades locales. | F19: MANTENIMIENTO DE SISTEMAS Y EQUIPOS DE TRANSMICIÓN | G19: 5.3.04.04 | H19: Formar una escuela de fútbol para niños y jóvenes del cantón | I19: =VLOOKUP(H19,PDOT!$B$28:$C$56,2,0) -> Numero de visitas a asentamientos humanos consolidados desntro y fuera del Cantón | J19: 0.25 | K19: 0.25 | L19: 0.25 | M19: 0.25 | N19: =IF(J19,"ENERO",IF(K19,"ABRIL",IF(L19,"JULIO",IF(M19,"DICIEMBRE",0)))) -> ENERO | O19: =IF(M19,"DICIEMBRE",IF(L19,"SEPTIEMBRE",IF(K19,"JUNIO",IF(J19,"MARZO",0)))) -> DICIEMBRE | P19: INFORME DE SATISFACCION Y ACTA ENTREGA RECEPCION | Q19: 8000 | S19: RADIO PÚBLICA | T19: NUEVO | U19: INSTITUCIONAL
A20: ALCALDIA | B20: 7 | C20: PDOT7 | D20: =VLOOKUP(C20,PDOT!$A$4:$B$11,2,0) -> Fortalecer los mecanismos de participación ciudadana en la gestión pública y en la implementación de proyectos de desarrollo, asegurando la transparencia y la rendición de cuentas de las autoridades locales. | F20: LICENCIAS Y/O SOFTWARE JAZLER STUDIO, ZARA RADIO PARA RESPALDO 24/7 DE PROGRAMACION DE LA RADIO | G20: 5.3.07.01 | H20: Formar una escuela de fútbol para niños y jóvenes del cantón | I20: =VLOOKUP(H20,PDOT!$B$28:$C$56,2,0) -> Numero de visitas a asentamientos humanos consolidados desntro y fuera del Cantón | J20: 0.25 | K20: 0.25 | L20: 0.25 | M20: 0.25 | N20: =IF(J20,"ENERO",IF(K20,"ABRIL",IF(L20,"JULIO",IF(M20,"DICIEMBRE",0)))) -> ENERO | O20: =IF(M20,"DICIEMBRE",IF(L20,"SEPTIEMBRE",IF(K20,"JUNIO",IF(J20,"MARZO",0)))) -> DICIEMBRE | P20: INFORME DE SATISFACCION Y ACTA ENTREGA RECEPCION | Q20: 7000 | S20: RADIO PÚBLICA | T20: NUEVO | U20: INSTITUCIONAL | V20: =+SUM(Q14:Q20) -> 39500
A21: ALCALDIA | B21: 8 | C21: PDOT7 | D21: =VLOOKUP(C21,PDOT!$A$4:$B$11,2,0) -> Fortalecer los mecanismos de participación ciudadana en la gestión pública y en la implementación de proyectos de desarrollo, asegurando la transparencia y la rendición de cuentas de las autoridades locales. | E21: GESTIÓN JURÍDICA | F21: COSTAS JUDICIALES Y PATROCINIO | G21: 5.7.02.06 | H21: Formar una escuela de fútbol para niños y jóvenes del cantón | I21: =VLOOKUP(H21,PDOT!$B$28:$C$56,2,0) -> Numero de visitas a asentamientos humanos consolidados desntro y fuera del Cantón | J21: 0.25 | K21: 0.25 | L21: 0.25 | M21: 0.25 | N21: =IF(J21,"ENERO",IF(K21,"ABRIL",IF(L21,"JULIO",IF(M21,"DICIEMBRE",0)))) -> ENERO | O21: =IF(M21,"DICIEMBRE",IF(L21,"SEPTIEMBRE",IF(K21,"JUNIO",IF(J21,"MARZO",0)))) -> DICIEMBRE | P21: INFORME DE SATISFACCION Y ACTA ENTREGA RECEPCION | Q21: 28000 | S21: ASESORIA JURIDICA | T21: NUEVO | U21: INSTITUCIONAL
A22: ALCALDIA | B22: 10 | C22: PDOT5 | D22: =VLOOKUP(C22,PDOT!$A$4:$B$11,2,0) -> Desarrollar y promocionar el turismo rural y el agroturismo como medios para diversificar la economía local, preservar el patrimonio cultural y natural, y proporcionar nuevas fuentes de ingreso para la comunidad. | F22: EXPROPIACIONES DE TERRENOS PARA EL GADM DEL CANTON GUAMOTE | G22: 8.4.03.02 | H22: Formar una escuela de fútbol para niños y jóvenes del cantón | I22: =VLOOKUP(H22,PDOT!$B$28:$C$56,2,0) -> Numero de visitas a asentamientos humanos consolidados desntro y fuera del Cantón | J22: 0.25 | K22: 0.25 | L22: 0.25 | M22: 0.25 | N22: =IF(J22,"ENERO",IF(K22,"ABRIL",IF(L22,"JULIO",IF(M22,"DICIEMBRE",0)))) -> ENERO | O22: =IF(M22,"DICIEMBRE",IF(L22,"SEPTIEMBRE",IF(K22,"JUNIO",IF(J22,"MARZO",0)))) -> DICIEMBRE | P22: INFORME DE SATISFACCION Y ACTA ENTREGA RECEPCION | Q22: 340000 | S22: ASESORIA JURIDICA | T22: NUEVO | U22: INSTITUCIONAL | V22: ARRASTRE
A23: ALCALDIA | B23: 11 | C23: PDOT7 | D23: =VLOOKUP(C23,PDOT!$A$4:$B$11,2,0) -> Fortalecer los mecanismos de participación ciudadana en la gestión pública y en la implementación de proyectos de desarrollo, asegurando la transparencia y la rendición de cuentas de las autoridades locales. | F23: ADQUISICION DE EQUIPOS INFORMATICOS | G23: 8.4.01.07 | H23: Formar una escuela de fútbol para niños y jóvenes del cantón | I23: =VLOOKUP(H23,PDOT!$B$28:$C$56,2,0) -> Numero de visitas a asentamientos humanos consolidados desntro y fuera del Cantón | J23: 0.25 | K23: 0.25 | L23: 0.25 | M23: 0.25 | N23: =IF(J23,"ENERO",IF(K23,"ABRIL",IF(L23,"JULIO",IF(M23,"DICIEMBRE",0)))) -> ENERO | O23: =IF(M23,"DICIEMBRE",IF(L23,"SEPTIEMBRE",IF(K23,"JUNIO",IF(J23,"MARZO",0)))) -> DICIEMBRE | P23: INFORME DE SATISFACCION Y ACTA ENTREGA RECEPCION | Q23: 5000 | S23: ASESORIA JURIDICA | T23: NUEVO | U23: INSTITUCIONAL
A24: ALCALDIA | B24: 12 | C24: PDOT7 | D24: =VLOOKUP(C24,PDOT!$A$4:$B$11,2,0) -> Fortalecer los mecanismos de participación ciudadana en la gestión pública y en la implementación de proyectos de desarrollo, asegurando la transparencia y la rendición de cuentas de las autoridades locales. | F24: ADQUISICION DE MATERIALES DE OFICINA | G24: 5.3.08.04 | H24: Formar una escuela de fútbol para niños y jóvenes del cantón | I24: =VLOOKUP(H24,PDOT!$B$28:$C$56,2,0) -> Numero de visitas a asentamientos humanos consolidados desntro y fuera del Cantón | J24: 0.25 | K24: 0.25 | L24: 0.25 | M24: 0.25 | N24: =IF(J24,"ENERO",IF(K24,"ABRIL",IF(L24,"JULIO",IF(M24,"DICIEMBRE",0)))) -> ENERO | O24: =IF(M24,"DICIEMBRE",IF(L24,"SEPTIEMBRE",IF(K24,"JUNIO",IF(J24,"MARZO",0)))) -> DICIEMBRE | P24: INFORME DE SATISFACCION Y ACTA ENTREGA RECEPCION | Q24: 2500 | S24: ASESORIA GENRAL | T24: NUEVO | U24: INSTITUCIONAL
A25: ALCALDIA | B25: 13 | C25: PDOT7 | D25: =VLOOKUP(C25,PDOT!$A$4:$B$11,2,0) -> Fortalecer los mecanismos de participación ciudadana en la gestión pública y en la implementación de proyectos de desarrollo, asegurando la transparencia y la rendición de cuentas de las autoridades locales. | F25: ADQUISICION DE PAQUETES INFORMATICOS OP LICENCIAS LEGALES | G25: 5.3.07.01 | H25: Formar una escuela de fútbol para niños y jóvenes del cantón | I25: =VLOOKUP(H25,PDOT!$B$28:$C$56,2,0) -> Numero de visitas a asentamientos humanos consolidados desntro y fuera del Cantón | J25: 0.25 | K25: 0.25 | L25: 0.25 | M25: 0.25 | N25: =IF(J25,"ENERO",IF(K25,"ABRIL",IF(L25,"JULIO",IF(M25,"DICIEMBRE",0)))) -> ENERO | O25: =IF(M25,"DICIEMBRE",IF(L25,"SEPTIEMBRE",IF(K25,"JUNIO",IF(J25,"MARZO",0)))) -> DICIEMBRE | P25: INFORME DE SATISFACCION Y ACTA ENTREGA RECEPCION | Q25: 4000 | S25: ASESORIA JURIDICA | T25: NUEVO | U25: INSTITUCIONAL
A26: TOTAL | Q26: =+SUM(Q14:Q25) -> 419000
A27: DIRECCION FINANCIERA - TECHO PRESUPUESTARIO $ 27,700.000
A28: DIRECCION | B28: NO. | C28: COD. | D28: Objetivo Estrategico PDyOT | E28: PROYECTO | F28: PLANES - PROGRAMAS - PROYECTOS - ACTIVIDADES | G28: PARTIDA PRESUPUESTARIA | H28: META | I28: INDICADOR | J28: PROGRAMACION CUATRIMESTRAL (%) | N28: DESDE | O28: HASTA | P28: MEDIO DE VERIFICACION | Q28: FONDOS PROPIOS | R28: FONDOS EXTERNOS | S28: SUB-UNIDAD RESPONSABLE | T28: NUEVO / ARRASTRE | U28: OBSERVACION
J29: I | K29: II | L29: III | M29: IV
A30: FINANCIERO | B30: 3 | C30: PDOT7 | D30: =VLOOKUP(C30,PDOT!$A$4:$B$11,2,0) -> Fortalecer los mecanismos de participación ciudadana en la gestión pública y en la implementación de proyectos de desarrollo, asegurando la transparencia y la rendición de cuentas de las autoridades locales. | F30: ADQUISICION DE EQUIPOS INFORMATICOS | H30: Atender a 240 adultos mayores de los sectores vulnerables del cantón Guamote hasta el 2027 | I30: =VLOOKUP(H30,PDOT!$B$28:$C$56,2,0) -> Porcentaje de adquisiciones, y procedimientos institucionales realizados vs Porcentaje de adquisiciones, y procedimientos institucionales terminados con éxito. | J30: 0.25 | K30: 0.25 | L30: 0.25 | M30: 0.25 | N30: =IF(J30,"ENERO",IF(K30,"ABRIL",IF(L30,"JULIO",IF(M30,"DICIEMBRE",0)))) -> ENERO | O30: =IF(M30,"DICIEMBRE",IF(L30,"SEPTIEMBRE",IF(K30,"JUNIO",IF(J30,"MARZO",0)))) -> DICIEMBRE | Q30: 5000 | S30: DEPARTAMENTO FINANCIERO | T30: NUEVO | U30: INSTITUCIONAL
A31: FINANCIERO | B31: 4 | C31: PDOT7 | D31: =VLOOKUP(C31,PDOT!$A$4:$B$11,2,0) -> Fortalecer los mecanismos de participación ciudadana en la gestión pública y en la implementación de proyectos de desarrollo, asegurando la transparencia y la rendición de cuentas de las autoridades locales. | F31: COMISIONES BANCARIAS | H31: Atender a 240 adultos mayores de los sectores vulnerables del cantón Guamote hasta el 2027 | I31: =VLOOKUP(H31,PDOT!$B$28:$C$56,2,0) -> Porcentaje de adquisiciones, y procedimientos institucionales realizados vs Porcentaje de adquisiciones, y procedimientos institucionales terminados con éxito. | J31: 0.25 | K31: 0.25 | L31: 0.25 | M31: 0.25 | N31: =IF(J31,"ENERO",IF(K31,"ABRIL",IF(L31,"JULIO",IF(M31,"DICIEMBRE",0)))) -> ENERO | O31: =IF(M31,"DICIEMBRE",IF(L31,"SEPTIEMBRE",IF(K31,"JUNIO",IF(J31,"MARZO",0)))) -> DICIEMBRE | Q31: 5500 | S31: DEPARTAMENTO FINANCIERO | T31: NUEVO | U31: INSTITUCIONAL
A32: FINANCIERO | B32: 5 | C32: PDOT7 | D32: =VLOOKUP(C32,PDOT!$A$4:$B$11,2,0) -> Fortalecer los mecanismos de participación ciudadana en la gestión pública y en la implementación de proyectos de desarrollo, asegurando la transparencia y la rendición de cuentas de las autoridades locales. | F32: EDICIÓN,IMPRESIÓN,REPRODUCCIÓN,PUBLICACIONES,SUSCRIPCIONES,FOTOCOPIADO,TRADUCCIÓN,EMPASTADO,ENMARCACIÓN,SERIGRAFÍA, FOTOGRAFÍA, CARNETIZACIÓN, FILMACIÓN E IMÁGENES SATELITALES. | H32: Atender a 240 adultos mayores de los sectores vulnerables del cantón Guamote hasta el 2027 | I32: =VLOOKUP(H32,PDOT!$B$28:$C$56,2,0) -> Porcentaje de adquisiciones, y procedimientos institucionales realizados vs Porcentaje de adquisiciones, y procedimientos institucionales terminados con éxito. | J32: 0.25 | K32: 0.25 | L32: 0.25 | M32: 0.25 | N32: =IF(J32,"ENERO",IF(K32,"ABRIL",IF(L32,"JULIO",IF(M32,"DICIEMBRE",0)))) -> ENERO | O32: =IF(M32,"DICIEMBRE",IF(L32,"SEPTIEMBRE",IF(K32,"JUNIO",IF(J32,"MARZO",0)))) -> DICIEMBRE | Q32: 17200 | S32: DEPARTAMENTO FINANCIERO | T32: NUEVO | U32: INSTITUCIONAL
A33: TOTAL | Q33: =SUM(Q30:Q32) -> 27700
A34: DIRECCION ADMINISTRATIVA - TECHO PRESUPUESTARIO $ 428,122.20
A35: DIRECCION | B35: NO. | C35: COD. | D35: Objetivo Estrategico PDyOT | E35: PROYECTO | F35: PLANES - PROGRAMAS - PROYECTOS - ACTIVIDADES | G35: PARTIDA PRESUPUESTARIA | H35: META | I35: INDICADOR | J35: PROGRAMACION CUATRIMESTRAL (%) | N35: DESDE | O35: HASTA | P35: MEDIO DE VERIFICACION | Q35: FONDOS PROPIOS | R35: FONDOS EXTERNOS | S35: SUB-UNIDAD RESPONSABLE | T35: NUEVO / ARRASTRE | U35: OBSERVACION
J36: I | K36: II | L36: III | M36: IV
A37: ADMINISTRATIVO | B37: 1 | C37: PDOT7 | D37: =VLOOKUP(C37,[2]PDOT!$A$4:$B$10,2,0) -> Fortalecer la estructura institucional para garantizar un sistema de gestión eficiente y de calidad que promueva la participación ciudadana | E37: GESTIÓN ADMINISTRATIVA | F37: LICENCIAMIOENTO DE PAQUETES Y SISTEMAS OPERATIVOS | G37: 5.3.07.02 | H37: Atender a 240 adultos mayores de los sectores vulnerables del cantón Guamote hasta el 2027 | I37: =VLOOKUP(H37,PDOT!$B$28:$C$56,2,0) -> Porcentaje de adquisiciones, y procedimientos institucionales realizados vs Porcentaje de adquisiciones, y procedimientos institucionales terminados con éxito. | J37: 0.25 | K37: 0.25 | L37: 0.25 | M37: 0.25 | N37: =IF(J37,"ENERO",IF(K37,"ABRIL",IF(L37,"JULIO",IF(M37,"DICIEMBRE",0)))) -> ENERO | O37: =IF(M37,"DICIEMBRE",IF(L37,"SEPTIEMBRE",IF(K37,"JUNIO",IF(J37,"ENERO",0)))) -> DICIEMBRE | P37: LICENCIAS | Q37: 25000 | S37: TICS | T37: NUEVO | U37: INSTITUCIONAL
A38: ADMINISTRATIVO | B38: 2 | C38: PDOT7 | D38: =VLOOKUP(C38,[2]PDOT!$A$4:$B$10,2,0) -> Fortalecer la estructura institucional para garantizar un sistema de gestión eficiente y de calidad que promueva la participación ciudadana | F38: EQUIPAMIENTO IMPRESORAS DE ALTO RENDIMIENTO | G38: 8.4.01.07 | H38: Atender a 240 adultos mayores de los sectores vulnerables del cantón Guamote hasta el 2027 | I38: =VLOOKUP(H38,PDOT!$B$28:$C$56,2,0) -> Porcentaje de adquisiciones, y procedimientos institucionales realizados vs Porcentaje de adquisiciones, y procedimientos institucionales terminados con éxito. | J38: 0.25 | K38: 0.25 | L38: 0.5 | N38: =IF(J38,"ENERO",IF(K38,"ABRIL",IF(L38,"JULIO",IF(M38,"DICIEMBRE",0)))) -> ENERO | O38: =IF(M38,"DICIEMBRE",IF(L38,"SEPTIEMBRE",IF(K38,"JUNIO",IF(J38,"ENERO",0)))) -> SEPTIEMBRE | P38: EQUIPAMIENTO | Q38: 12000 | S38: TICS | T38: NUEVO | U38: INSTITUCIONAL
A39: ADMINISTRATIVO | B39: 3 | C39: PDOT7 | D39: =VLOOKUP(C39,[2]PDOT!$A$4:$B$10,2,0) -> Fortalecer la estructura institucional para garantizar un sistema de gestión eficiente y de calidad que promueva la participación ciudadana | F39: ESTUDIO Y OPERACION DE PERMISOS DE RADIO FRECUENCIA PARA MOTOROLAS | G39: 5.3.06.05 | H39: Atender a 240 adultos mayores de los sectores vulnerables del cantón Guamote hasta el 2027 | I39: =VLOOKUP(H39,PDOT!$B$28:$C$56,2,0) -> Porcentaje de adquisiciones, y procedimientos institucionales realizados vs Porcentaje de adquisiciones, y procedimientos institucionales terminados con éxito. | J39: 0.25 | K39: 0.25 | L39: 0.5 | N39: =IF(J39,"ENERO",IF(K39,"ABRIL",IF(L39,"JULIO",IF(M39,"DICIEMBRE",0)))) -> ENERO | O39: =IF(M39,"DICIEMBRE",IF(L39,"SEPTIEMBRE",IF(K39,"JUNIO",IF(J39,"ENERO",0)))) -> SEPTIEMBRE | P39: EQUIPAMIENTO | Q39: 7000 | S39: TICS | T39: NUEVO | U39: INSTITUCIONAL
A40: ADMINISTRATIVO | B40: 4 | C40: PDOT7 | D40: =VLOOKUP(C40,[2]PDOT!$A$4:$B$10,2,0) -> Fortalecer la estructura institucional para garantizar un sistema de gestión eficiente y de calidad que promueva la participación ciudadana | F40: ADQUISICION DE EQUIPOS DE RADIO ENLACES | G40: 8.4.01.04 | H40: Atender a 240 adultos mayores de los sectores vulnerables del cantón Guamote hasta el 2027 | I40: =VLOOKUP(H40,PDOT!$B$28:$C$56,2,0) -> Porcentaje de adquisiciones, y procedimientos institucionales realizados vs Porcentaje de adquisiciones, y procedimientos institucionales terminados con éxito. | J40: 0.25 | K40: 0.25 | L40: 0.5 | N40: =IF(J40,"ENERO",IF(K40,"ABRIL",IF(L40,"JULIO",IF(M40,"DICIEMBRE",0)))) -> ENERO | O40: =IF(M40,"DICIEMBRE",IF(L40,"SEPTIEMBRE",IF(K40,"JUNIO",IF(J40,"ENERO",0)))) -> SEPTIEMBRE | P40: EQUIPAMIENTO | Q40: 5000 | S40: TICS | T40: NUEVO | U40: INSTITUCIONAL
A41: ADMINISTRATIVO | B41: 5 | C41: PDOT7 | D41: =VLOOKUP(C41,[2]PDOT!$A$4:$B$10,2,0) -> Fortalecer la estructura institucional para garantizar un sistema de gestión eficiente y de calidad que promueva la participación ciudadana | F41: SOPORTE TECNICO Y EQUIPOS PASIVOS DE TELECOMUNICACION | G41: 5.3.04.04 | H41: Atender a 240 adultos mayores de los sectores vulnerables del cantón Guamote hasta el 2027 | I41: =VLOOKUP(H41,PDOT!$B$28:$C$56,2,0) -> Porcentaje de adquisiciones, y procedimientos institucionales realizados vs Porcentaje de adquisiciones, y procedimientos institucionales terminados con éxito. | J41: 0.25 | K41: 0.25 | L41: 0.25 | M41: 0.25 | N41: =IF(J41,"ENERO",IF(K41,"ABRIL",IF(L41,"JULIO",IF(M41,"DICIEMBRE",0)))) -> ENERO | O41: =IF(M41,"DICIEMBRE",IF(L41,"SEPTIEMBRE",IF(K41,"JUNIO",IF(J41,"ENERO",0)))) -> DICIEMBRE | Q41: 7000 | S41: TICS | T41: NUEVO | U41: INSTITUCIONAL
A42: ADMINISTRATIVO | B42: 7 | C42: PDOT7 | D42: =VLOOKUP(C42,[2]PDOT!$A$4:$B$10,2,0) -> Fortalecer la estructura institucional para garantizar un sistema de gestión eficiente y de calidad que promueva la participación ciudadana | F42: ADQUISICIÓN DE EQUIPOS, SUMINISTROS INFORMÁTICOS | G42: 5.3.08.13 | H42: Atender a 240 adultos mayores de los sectores vulnerables del cantón Guamote hasta el 2027 | I42: =VLOOKUP(H42,PDOT!$B$28:$C$56,2,0) -> Porcentaje de adquisiciones, y procedimientos institucionales realizados vs Porcentaje de adquisiciones, y procedimientos institucionales terminados con éxito. | J42: 0.25 | K42: 0.25 | L42: 0.5 | N42: =IF(J42,"ENERO",IF(K42,"ABRIL",IF(L42,"JULIO",IF(M42,"DICIEMBRE",0)))) -> ENERO | O42: =IF(M42,"DICIEMBRE",IF(L42,"SEPTIEMBRE",IF(K42,"JUNIO",IF(J42,"ENERO",0)))) -> SEPTIEMBRE | P42: EQUIPAMIENTO | Q42: 10000 | S42: TICS | T42: NUEVO | U42: INSTITUCIONAL
A43: ADMINISTRATIVO | B43: 8 | C43: PDOT7 | D43: =VLOOKUP(C43,[2]PDOT!$A$4:$B$10,2,0) -> Fortalecer la estructura institucional para garantizar un sistema de gestión eficiente y de calidad que promueva la participación ciudadana | F43: MANTENIMIENTO DE EQUIPOS DE VIDEO Y SONIDO | G43: 5.3.04.04 | H43: Atender a 240 adultos mayores de los sectores vulnerables del cantón Guamote hasta el 2027 | I43: =VLOOKUP(H43,PDOT!$B$28:$C$56,2,0) -> Porcentaje de adquisiciones, y procedimientos institucionales realizados vs Porcentaje de adquisiciones, y procedimientos institucionales terminados con éxito. | J43: 0.25 | K43: 0.25 | L43: 0.25 | M43: 0.25 | N43: =IF(J43,"ENERO",IF(K43,"ABRIL",IF(L43,"JULIO",IF(M43,"DICIEMBRE",0)))) -> ENERO | O43: =IF(M43,"DICIEMBRE",IF(L43,"SEPTIEMBRE",IF(K43,"JUNIO",IF(J43,"ENERO",0)))) -> DICIEMBRE | P43: EQUIPAMIENTO | Q43: 6000 | S43: TICS | T43: NUEVO | U43: INSTITUCIONAL
A44: ADMINISTRATIVO | B44: 10 | C44: PDOT7 | D44: =VLOOKUP(C44,[2]PDOT!$A$4:$B$10,2,0) -> Fortalecer la estructura institucional para garantizar un sistema de gestión eficiente y de calidad que promueva la participación ciudadana | F44: CONTRATACION DE POLIZAS DE SEGURO PARA BIENS Y PERSONAL DEL GADMC GUAMOTE | G44: 5.7.02.01 | H44: Atender a 240 adultos mayores de los sectores vulnerables del cantón Guamote hasta el 2027 | I44: =VLOOKUP(H44,PDOT!$B$28:$C$56,2,0) -> Porcentaje de adquisiciones, y procedimientos institucionales realizados vs Porcentaje de adquisiciones, y procedimientos institucionales terminados con éxito. | J44: 0.25 | K44: 0.25 | L44: 0.5 | N44: =IF(J44,"ENERO",IF(K44,"ABRIL",IF(L44,"JULIO",IF(M44,"DICIEMBRE",0)))) -> ENERO | O44: =IF(M44,"DICIEMBRE",IF(L44,"SEPTIEMBRE",IF(K44,"JUNIO",IF(J44,"ENERO",0)))) -> SEPTIEMBRE | P44: POLIZAS | Q44: 75000 | S44: DEPARTAMENTO ADMINISTRATIVO | T44: NUEVO | U44: INSTITUCIONAL
A45: ADMINISTRATIVO | B45: 11 | C45: PDOT7 | D45: =VLOOKUP(C45,[2]PDOT!$A$4:$B$10,2,0) -> Fortalecer la estructura institucional para garantizar un sistema de gestión eficiente y de calidad que promueva la participación ciudadana | F45: UNIFORMES PARA EL PERSONAL DEL GAD MCG | G45: 5.3.08.02 | H45: Atender a 240 adultos mayores de los sectores vulnerables del cantón Guamote hasta el 2027 | I45: =VLOOKUP(H45,PDOT!$B$28:$C$56,2,0) -> Porcentaje de adquisiciones, y procedimientos institucionales realizados vs Porcentaje de adquisiciones, y procedimientos institucionales terminados con éxito. | J45: 0.25 | K45: 0.25 | L45: 0.5 | N45: =IF(J45,"ENERO",IF(K45,"ABRIL",IF(L45,"JULIO",IF(M45,"DICIEMBRE",0)))) -> ENERO | O45: =IF(M45,"DICIEMBRE",IF(L45,"SEPTIEMBRE",IF(K45,"JUNIO",IF(J45,"ENERO",0)))) -> SEPTIEMBRE | P45: PRENDAS DE PROTECCION | Q45: 4000 | S45: DEPARTAMENTO ADMINISTRATIVO | T45: NUEVO | U45: INSTITUCIONAL
A46: ADMINISTRATIVO | B46: 12 | C46: PDOT7 | D46: =VLOOKUP(C46,[2]PDOT!$A$4:$B$10,2,0) -> Fortalecer la estructura institucional para garantizar un sistema de gestión eficiente y de calidad que promueva la participación ciudadana | F46: ADQUISICION DE VESTUARIO, LENCERIA Y PRENDAS DE PROTECCION PARA EL GAD-MCG | G46: 7.3.08.02 | H46: Atender a 240 adultos mayores de los sectores vulnerables del cantón Guamote hasta el 2027 | I46: =VLOOKUP(H46,PDOT!$B$28:$C$56,2,0) -> Porcentaje de adquisiciones, y procedimientos institucionales realizados vs Porcentaje de adquisiciones, y procedimientos institucionales terminados con éxito. | J46: 0.25 | K46: 0.25 | L46: 0.5 | N46: =IF(J46,"ENERO",IF(K46,"ABRIL",IF(L46,"JULIO",IF(M46,"DICIEMBRE",0)))) -> ENERO | O46: =IF(M46,"DICIEMBRE",IF(L46,"SEPTIEMBRE",IF(K46,"JUNIO",IF(J46,"ENERO",0)))) -> SEPTIEMBRE | P46: PRENDAS DE PROTECCION | Q46: 40000 | S46: SEGURIDAD Y SALUD EN EL TRABAJO | T46: NUEVO | U46: INSTITUCIONAL
A47: ADMINISTRATIVO | B47: 13 | C47: PDOT7 | D47: =VLOOKUP(C47,[2]PDOT!$A$4:$B$10,2,0) -> Fortalecer la estructura institucional para garantizar un sistema de gestión eficiente y de calidad que promueva la participación ciudadana | F47: ADQUISICION DE MEDICAMENTOS E INSUMOS MEDICOS | G47: 5.3.08.09 | H47: Atender a 240 adultos mayores de los sectores vulnerables del cantón Guamote hasta el 2027 | I47: =VLOOKUP(H47,PDOT!$B$28:$C$56,2,0) -> Porcentaje de adquisiciones, y procedimientos institucionales realizados vs Porcentaje de adquisiciones, y procedimientos institucionales terminados con éxito. | J47: 0.25 | K47: 0.25 | L47: 0.5 | N47: =IF(J47,"ENERO",IF(K47,"ABRIL",IF(L47,"JULIO",IF(M47,"DICIEMBRE",0)))) -> ENERO | O47: =IF(M47,"DICIEMBRE",IF(L47,"SEPTIEMBRE",IF(K47,"JUNIO",IF(J47,"ENERO",0)))) -> SEPTIEMBRE | P47: MEDICAMENTO E INSUMOS MEDICOS | Q47: 2000 | S47: SEGURIDAD Y SALUD EN EL TRABAJO | T47: NUEVO | U47: INSTITUCIONAL
A48: ADMINISTRATIVO | B48: 14 | C48: PDOT7 | D48: =VLOOKUP(C48,[2]PDOT!$A$4:$B$10,2,0) -> Fortalecer la estructura institucional para garantizar un sistema de gestión eficiente y de calidad que promueva la participación ciudadana | F48: ADQUISICIÓN DE INSUMOS E INSTRUMENTOS ODONTOLÓGICOS | G48: 5.3.08.34 | H48: Atender a 240 adultos mayores de los sectores vulnerables del cantón Guamote hasta el 2027 | I48: =VLOOKUP(H48,PDOT!$B$28:$C$56,2,0) -> Porcentaje de adquisiciones, y procedimientos institucionales realizados vs Porcentaje de adquisiciones, y procedimientos institucionales terminados con éxito. | J48: 0.25 | K48: 0.25 | L48: 0.5 | N48: =IF(J48,"ENERO",IF(K48,"ABRIL",IF(L48,"JULIO",IF(M48,"DICIEMBRE",0)))) -> ENERO | O48: =IF(M48,"DICIEMBRE",IF(L48,"SEPTIEMBRE",IF(K48,"JUNIO",IF(J48,"ENERO",0)))) -> SEPTIEMBRE | P48: MEDICAMENTO E INSUMOS MEDICOS | Q48: 3000 | S48: SEGURIDAD Y SALUD EN EL TRABAJO | T48: NUEVO | U48: INSTITUCIONAL
A49: ADMINISTRATIVO | B49: 16 | C49: PDOT7 | D49: =VLOOKUP(C49,[2]PDOT!$A$4:$B$10,2,0) -> Fortalecer la estructura institucional para garantizar un sistema de gestión eficiente y de calidad que promueva la participación ciudadana | F49: ADQUISICIÓN DE EQUIPOS DE SEGURIDAD PARA EL EDIFICIO MUNICIPAL (EQUIPOS DE PROTECCIÓN COLECTIVAS) | G49: 5.3.08.11 | H49: Atender a 240 adultos mayores de los sectores vulnerables del cantón Guamote hasta el 2027 | I49: =VLOOKUP(H49,PDOT!$B$28:$C$56,2,0) -> Porcentaje de adquisiciones, y procedimientos institucionales realizados vs Porcentaje de adquisiciones, y procedimientos institucionales terminados con éxito. | J49: 0.25 | K49: 0.25 | L49: 0.5 | N49: =IF(J49,"ENERO",IF(K49,"ABRIL",IF(L49,"JULIO",IF(M49,"DICIEMBRE",0)))) -> ENERO | O49: =IF(M49,"DICIEMBRE",IF(L49,"SEPTIEMBRE",IF(K49,"JUNIO",IF(J49,"ENERO",0)))) -> SEPTIEMBRE | P49: INFORME, ACTA DE ENTREGA RECEPCION | Q49: 4000 | S49: SEGURIDAD Y SALUD EN EL TRABAJO | T49: NUEVO | U49: INSTITUCIONAL
A50: ADMINISTRATIVO | B50: 17 | C50: PDOT7 | D50: =VLOOKUP(C50,[2]PDOT!$A$4:$B$10,2,0) -> Fortalecer la estructura institucional para garantizar un sistema de gestión eficiente y de calidad que promueva la participación ciudadana | F50: ADQUISICIÓN DE EQUIPOS MÉDICOS | G50: 8.4.01.13 | H50: Atender a 240 adultos mayores de los sectores vulnerables del cantón Guamote hasta el 2027 | I50: =VLOOKUP(H50,PDOT!$B$28:$C$56,2,0) -> Porcentaje de adquisiciones, y procedimientos institucionales realizados vs Porcentaje de adquisiciones, y procedimientos institucionales terminados con éxito. | J50: 0.25 | K50: 0.25 | L50: 0.5 | N50: =IF(J50,"ENERO",IF(K50,"ABRIL",IF(L50,"JULIO",IF(M50,"DICIEMBRE",0)))) -> ENERO | O50: =IF(M50,"DICIEMBRE",IF(L50,"SEPTIEMBRE",IF(K50,"JUNIO",IF(J50,"MARZO",0)))) -> SEPTIEMBRE | P50: INFORME, ACTA DE ENTREGA RECEPCION | Q50: 8000 | S50: SEGURIDAD Y SALUD EN EL TRABAJO | T50: NUEVO | U50: INSTITUCIONAL
A51: ADMINISTRATIVO | B51: 18 | C51: PDOT7 | D51: =VLOOKUP(C51,[2]PDOT!$A$4:$B$10,2,0) -> Fortalecer la estructura institucional para garantizar un sistema de gestión eficiente y de calidad que promueva la participación ciudadana | F51: MANTENIMIENTO Y CALIBRACIÓN DE EQUIPOS MÉDICOS | G51: 5.3.04.04 | H51: Atender a 240 adultos mayores de los sectores vulnerables del cantón Guamote hasta el 2027 | I51: =VLOOKUP(H51,PDOT!$B$28:$C$56,2,0) -> Porcentaje de adquisiciones, y procedimientos institucionales realizados vs Porcentaje de adquisiciones, y procedimientos institucionales terminados con éxito. | J51: 0.25 | K51: 0.25 | L51: 0.5 | N51: =IF(J51,"ENERO",IF(K51,"ABRIL",IF(L51,"JULIO",IF(M51,"DICIEMBRE",0)))) -> ENERO | O51: =IF(M51,"DICIEMBRE",IF(L51,"SEPTIEMBRE",IF(K51,"JUNIO",IF(J51,"MARZO",0)))) -> SEPTIEMBRE | P51: INFORME, ACTA DE ENTREGA RECEPCION | Q51: 2500 | S51: SEGURIDAD Y SALUD EN EL TRABAJO | T51: NUEVO | U51: INSTITUCIONAL
A52: ADMINISTRATIVO | B52: 20 | C52: PDOT7 | D52: =VLOOKUP(C52,[2]PDOT!$A$4:$B$10,2,0) -> Fortalecer la estructura institucional para garantizar un sistema de gestión eficiente y de calidad que promueva la participación ciudadana | F52: ADQUISICION DE MATERIALES E INSUMOS DE CONSTRUCCION Y CONEXOS PARA ADECUACIONES, REMODELACIONES DE LOS BIENES MUNICIPALES | G52: 5.3.08.11 | H52: Atender a 240 adultos mayores de los sectores vulnerables del cantón Guamote hasta el 2027 | I52: =VLOOKUP(H52,PDOT!$B$28:$C$56,2,0) -> Porcentaje de adquisiciones, y procedimientos institucionales realizados vs Porcentaje de adquisiciones, y procedimientos institucionales terminados con éxito. | J52: 0.25 | K52: 0.25 | L52: 0.25 | M52: 0.25 | N52: =IF(J52,"ENERO",IF(K52,"ABRIL",IF(L52,"JULIO",IF(M52,"DICIEMBRE",0)))) -> ENERO | O52: =IF(M52,"DICIEMBRE",IF(L52,"SEPTIEMBRE",IF(K52,"JUNIO",IF(J52,"ENERO",0)))) -> DICIEMBRE | P52: BIENES E INSUMOS | Q52: 30000 | S52: SERVICIOS GENERALES | T52: NUEVO | U52: INSTITUCIONAL
A53: ADMINISTRATIVO | B53: 21 | C53: PDOT7 | D53: =VLOOKUP(C53,[2]PDOT!$A$4:$B$10,2,0) -> Fortalecer la estructura institucional para garantizar un sistema de gestión eficiente y de calidad que promueva la participación ciudadana | F53: MANTENIMIENTO PREVENTIVO Y CORRECTIVO DE LOS EQUIPOS DEL GADMCG | G53: 5.3.04.04 | H53: Atender a 240 adultos mayores de los sectores vulnerables del cantón Guamote hasta el 2027 | I53: =VLOOKUP(H53,PDOT!$B$28:$C$56,2,0) -> Porcentaje de adquisiciones, y procedimientos institucionales realizados vs Porcentaje de adquisiciones, y procedimientos institucionales terminados con éxito. | J53: 0.25 | K53: 0.25 | L53: 0.25 | M53: 0.25 | N53: =IF(J53,"ENERO",IF(K53,"ABRIL",IF(L53,"JULIO",IF(M53,"DICIEMBRE",0)))) -> ENERO | O53: =IF(M53,"DICIEMBRE",IF(L53,"SEPTIEMBRE",IF(K53,"JUNIO",IF(J53,"ENERO",0)))) -> DICIEMBRE | P53: BIENES E INSUMOS | Q53: 6500 | S53: SERVICIOS GENERALES | T53: NUEVO | U53: INSTITUCIONAL
A54: ADMINISTRATIVO | B54: 22 | C54: PDOT7 | D54: =VLOOKUP(C54,[2]PDOT!$A$4:$B$10,2,0) -> Fortalecer la estructura institucional para garantizar un sistema de gestión eficiente y de calidad que promueva la participación ciudadana | F54: CAPACITACIONES AL PERSONAL | G54: 5.3.06.12 | H54: Atender a 240 adultos mayores de los sectores vulnerables del cantón Guamote hasta el 2027 | I54: =VLOOKUP(H54,PDOT!$B$28:$C$56,2,0) -> Porcentaje de adquisiciones, y procedimientos institucionales realizados vs Porcentaje de adquisiciones, y procedimientos institucionales terminados con éxito. | J54: 0.25 | K54: 0.25 | L54: 0.25 | M54: 0.25 | N54: =IF(J54,"ENERO",IF(K54,"ABRIL",IF(L54,"JULIO",IF(M54,"DICIEMBRE",0)))) -> ENERO | O54: =IF(M54,"DICIEMBRE",IF(L54,"SEPTIEMBRE",IF(K54,"JUNIO",IF(J54,"ENERO",0)))) -> DICIEMBRE | P54: CAPACITACIONES | Q54: 10000 | S54: TALENTO HUMANO | T54: NUEVO | U54: INSTITUCIONAL
A55: ADMINISTRATIVO | B55: 23 | C55: PDOT7 | D55: =VLOOKUP(C55,[2]PDOT!$A$4:$B$10,2,0) -> Fortalecer la estructura institucional para garantizar un sistema de gestión eficiente y de calidad que promueva la participación ciudadana | F55: CONTRATACIÓN DE PERSONAL BAJO SERVICIOS PROFESIONALES | G55: 7.3.06.06 | H55: Atender a 240 adultos mayores de los sectores vulnerables del cantón Guamote hasta el 2027 | I55: =VLOOKUP(H55,PDOT!$B$28:$C$56,2,0) -> Porcentaje de adquisiciones, y procedimientos institucionales realizados vs Porcentaje de adquisiciones, y procedimientos institucionales terminados con éxito. | J55: 0.25 | K55: 0.25 | L55: 0.25 | M55: 0.25 | N55: =IF(J55,"ENERO",IF(K55,"ABRIL",IF(L55,"JULIO",IF(M55,"DICIEMBRE",0)))) -> ENERO | O55: =IF(M55,"DICIEMBRE",IF(L55,"SEPTIEMBRE",IF(K55,"JUNIO",IF(J55,"ENERO",0)))) -> DICIEMBRE | P55: INFORMES | Q55: 10000 | S55: TALENTO HUMANO | T55: NUEVO | U55: INSTITUCIONAL
A56: ADMINISTRATIVO | B56: 24 | C56: PDOT7 | D56: =VLOOKUP(C56,[2]PDOT!$A$4:$B$10,2,0) -> Fortalecer la estructura institucional para garantizar un sistema de gestión eficiente y de calidad que promueva la participación ciudadana | F56: ADQISICION DE SUMINISTROS DE ASEO | G56: 5.3.08.05 | H56: Atender a 240 adultos mayores de los sectores vulnerables del cantón Guamote hasta el 2027 | I56: =VLOOKUP(H56,PDOT!$B$28:$C$56,2,0) -> Porcentaje de adquisiciones, y procedimientos institucionales realizados vs Porcentaje de adquisiciones, y procedimientos institucionales terminados con éxito. | J56: 0.25 | K56: 0.25 | L56: 0.25 | M56: 0.25 | N56: =IF(J56,"ENERO",IF(K56,"ABRIL",IF(L56,"JULIO",IF(M56,"DICIEMBRE",0)))) -> ENERO | O56: =IF(M56,"DICIEMBRE",IF(L56,"SEPTIEMBRE",IF(K56,"JUNIO",IF(J56,"ENERO",0)))) -> DICIEMBRE | P56: SUMINISTROS ASEO | Q56: 6000 | S56: SERVICIOS GENERALES | T56: NUEVO | U56: INSTITUCIONAL
A57: ADMINISTRATIVO | B57: 25 | C57: PDOT7 | D57: =VLOOKUP(C57,[2]PDOT!$A$4:$B$10,2,0) -> Fortalecer la estructura institucional para garantizar un sistema de gestión eficiente y de calidad que promueva la participación ciudadana | F57: ADQUISICION DE MATERIALES DE OFICINA | G57: 5.3.08.04 | H57: Atender a 240 adultos mayores de los sectores vulnerables del cantón Guamote hasta el 2027 | I57: =VLOOKUP(H57,PDOT!$B$28:$C$56,2,0) -> Porcentaje de adquisiciones, y procedimientos institucionales realizados vs Porcentaje de adquisiciones, y procedimientos institucionales terminados con éxito. | J57: 0.25 | K57: 0.25 | L57: 0.25 | M57: 0.25 | N57: =IF(J57,"ENERO",IF(K57,"ABRIL",IF(L57,"JULIO",IF(M57,"DICIEMBRE",0)))) -> ENERO | O57: =IF(M57,"DICIEMBRE",IF(L57,"SEPTIEMBRE",IF(K57,"JUNIO",IF(J57,"ENERO",0)))) -> DICIEMBRE | P57: SUMINISTROS | Q57: 25000 | S57: DEPARTAMENTO ADMINISTRATIVO | T57: NUEVO | U57: INSTITUCIONAL
A58: ADMINISTRATIVO | B58: 26 | C58: PDOT7 | D58: =VLOOKUP(C58,[2]PDOT!$A$4:$B$10,2,0) -> Fortalecer la estructura institucional para garantizar un sistema de gestión eficiente y de calidad que promueva la participación ciudadana | F58: COMBUSTIBLE VEHICULOS LIVIANOS | G58: 5.3.02.55 | H58: Atender a 240 adultos mayores de los sectores vulnerables del cantón Guamote hasta el 2027 | I58: =VLOOKUP(H58,PDOT!$B$28:$C$56,2,0) -> Porcentaje de adquisiciones, y procedimientos institucionales realizados vs Porcentaje de adquisiciones, y procedimientos institucionales terminados con éxito. | J58: 0.25 | K58: 0.25 | L58: 0.25 | M58: 0.25 | N58: =IF(J58,"ENERO",IF(K58,"ABRIL",IF(L58,"JULIO",IF(M58,"DICIEMBRE",0)))) -> ENERO | O58: =IF(M58,"DICIEMBRE",IF(L58,"SEPTIEMBRE",IF(K58,"JUNIO",IF(J58,"ENERO",0)))) -> DICIEMBRE | P58: COMBUSTIBLE | Q58: 15000 | S58: DEPARTAMENTO ADMINISTRATIVO | T58: NUEVO | U58: INSTITUCIONAL
A59: ADMINISTRATIVO | B59: 27 | C59: PDOT7 | D59: =VLOOKUP(C59,[2]PDOT!$A$4:$B$10,2,0) -> Fortalecer la estructura institucional para garantizar un sistema de gestión eficiente y de calidad que promueva la participación ciudadana | F59: ADQUISICION DE MOBILIARIO | G59: 8.4.01.03 | H59: Atender a 240 adultos mayores de los sectores vulnerables del cantón Guamote hasta el 2027 | I59: =VLOOKUP(H59,PDOT!$B$28:$C$56,2,0) -> Porcentaje de adquisiciones, y procedimientos institucionales realizados vs Porcentaje de adquisiciones, y procedimientos institucionales terminados con éxito. | J59: 0.25 | K59: 0.25 | L59: 0.25 | M59: 0.25 | N59: =IF(J59,"ENERO",IF(K59,"ABRIL",IF(L59,"JULIO",IF(M59,"DICIEMBRE",0)))) -> ENERO | O59: =IF(M59,"DICIEMBRE",IF(L59,"SEPTIEMBRE",IF(K59,"JUNIO",IF(J59,"ENERO",0)))) -> DICIEMBRE | Q59: 10000 | S59: DEPARTAMENTO ADMINISTRATIVO | T59: NUEVO | U59: INSTITUCIONAL
A60: ADMINISTRATIVO | B60: 28 | C60: PDOT7 | D60: =VLOOKUP(C60,[2]PDOT!$A$4:$B$10,2,0) -> Fortalecer la estructura institucional para garantizar un sistema de gestión eficiente y de calidad que promueva la participación ciudadana | F60: REPUESTOS Y ACCESORIOS VEHICULOS | G60: 5.3.08.13 | H60: Atender a 240 adultos mayores de los sectores vulnerables del cantón Guamote hasta el 2027 | I60: =VLOOKUP(H60,PDOT!$B$28:$C$56,2,0) -> Porcentaje de adquisiciones, y procedimientos institucionales realizados vs Porcentaje de adquisiciones, y procedimientos institucionales terminados con éxito. | J60: 0.25 | K60: 0.25 | L60: 0.25 | M60: 0.25 | N60: =IF(J60,"ENERO",IF(K60,"ABRIL",IF(L60,"JULIO",IF(M60,"DICIEMBRE",0)))) -> ENERO | O60: =IF(M60,"DICIEMBRE",IF(L60,"SEPTIEMBRE",IF(K60,"JUNIO",IF(J60,"ENERO",0)))) -> DICIEMBRE | P60: REPUESTOS | Q60: 10000 | S60: DEPARTAMENTO ADMINISTRATIVO | T60: NUEVO | U60: INSTITUCIONAL
A61: ADMINISTRATIVO | B61: 29 | C61: PDOT7 | D61: =VLOOKUP(C61,[2]PDOT!$A$4:$B$10,2,0) -> Fortalecer la estructura institucional para garantizar un sistema de gestión eficiente y de calidad que promueva la participación ciudadana | F61: ENERGIA LELECTRICA | G61: 5.3.01.04 | H61: Atender a 240 adultos mayores de los sectores vulnerables del cantón Guamote hasta el 2027 | I61: =VLOOKUP(H61,PDOT!$B$28:$C$56,2,0) -> Porcentaje de adquisiciones, y procedimientos institucionales realizados vs Porcentaje de adquisiciones, y procedimientos institucionales terminados con éxito. | J61: 0.25 | K61: 0.25 | L61: 0.25 | M61: 0.25 | N61: =IF(J61,"ENERO",IF(K61,"ABRIL",IF(L61,"JULIO",IF(M61,"DICIEMBRE",0)))) -> ENERO | O61: =IF(M61,"DICIEMBRE",IF(L61,"SEPTIEMBRE",IF(K61,"JUNIO",IF(J61,"ENERO",0)))) -> DICIEMBRE | P61: PLANILLAS DE LUZ | Q61: 30000 | S61: SERVICIOS GENERALES | T61: NUEVO | U61: INSTITUCIONAL
A62: ADMINISTRATIVO | B62: 30 | C62: PDOT7 | D62: =VLOOKUP(C62,[2]PDOT!$A$4:$B$10,2,0) -> Fortalecer la estructura institucional para garantizar un sistema de gestión eficiente y de calidad que promueva la participación ciudadana | F62: INTERNET Y COMUNICACIONES | G62: 5.3.01.05 | H62: Atender a 240 adultos mayores de los sectores vulnerables del cantón Guamote hasta el 2027 | I62: =VLOOKUP(H62,PDOT!$B$28:$C$56,2,0) -> Porcentaje de adquisiciones, y procedimientos institucionales realizados vs Porcentaje de adquisiciones, y procedimientos institucionales terminados con éxito. | J62: 0.25 | K62: 0.25 | L62: 0.25 | M62: 0.25 | N62: =IF(J62,"ENERO",IF(K62,"ABRIL",IF(L62,"JULIO",IF(M62,"DICIEMBRE",0)))) -> ENERO | O62: =IF(M62,"DICIEMBRE",IF(L62,"SEPTIEMBRE",IF(K62,"JUNIO",IF(J62,"ENERO",0)))) -> DICIEMBRE | P62: PLANILLAS | Q62: 25000 | S62: SERVICIOS GENERALES | T62: NUEVO | U62: INSTITUCIONAL
A63: ADMINISTRATIVO | B63: 31 | C63: PDOT7 | D63: =VLOOKUP(C63,[2]PDOT!$A$4:$B$10,2,0) -> Fortalecer la estructura institucional para garantizar un sistema de gestión eficiente y de calidad que promueva la participación ciudadana | F63: LIBRETINES CON LOGO PREIMPRESOS Y PRE ENUMERADOS | G63: 5.3.08.07 | H63: Atender a 240 adultos mayores de los sectores vulnerables del cantón Guamote hasta el 2027 | I63: =VLOOKUP(H63,PDOT!$B$28:$C$56,2,0) -> Porcentaje de adquisiciones, y procedimientos institucionales realizados vs Porcentaje de adquisiciones, y procedimientos institucionales terminados con éxito. | J63: 0.25 | K63: 0.25 | L63: 0.5 | N63: =IF(J63,"ENERO",IF(K63,"ABRIL",IF(L63,"JULIO",IF(M63,"DICIEMBRE",0)))) -> ENERO | O63: =IF(M63,"DICIEMBRE",IF(L63,"SEPTIEMBRE",IF(K63,"JUNIO",IF(J63,"ENERO",0)))) -> SEPTIEMBRE | P63: LIBRETINES | Q63: 6121.2 | S63: DEPARTAMENTO ADMINISTRATIVO | T63: NUEVO | U63: INSTITUCIONAL
A64: ADMINISTRATIVO | B64: 32 | C64: PDOT7 | D64: =VLOOKUP(C64,[2]PDOT!$A$4:$B$10,2,0) -> Fortalecer la estructura institucional para garantizar un sistema de gestión eficiente y de calidad que promueva la participación ciudadana | F64: SERVICIO DE MANTENIMIENTO VEHICULOS LIVIANOS | G64: 7.3.04.04 | H64: Atender a 240 adultos mayores de los sectores vulnerables del cantón Guamote hasta el 2027 | I64: =VLOOKUP(H64,PDOT!$B$28:$C$56,2,0) -> Porcentaje de adquisiciones, y procedimientos institucionales realizados vs Porcentaje de adquisiciones, y procedimientos institucionales terminados con éxito. | J64: 0.25 | K64: 0.25 | L64: 0.25 | M64: 0.25 | N64: =IF(J64,"ENERO",IF(K64,"ABRIL",IF(L64,"JULIO",IF(M64,"DICIEMBRE",0)))) -> ENERO | O64: =IF(M64,"DICIEMBRE",IF(L64,"SEPTIEMBRE",IF(K64,"JUNIO",IF(J64,"ENERO",0)))) -> DICIEMBRE | P64: MANTENIMIENTOS | Q64: 10000 | S64: DEPARTAMENTO ADMINISTRATIVO | T64: NUEVO | U64: INSTITUCIONAL
A65: ADMINISTRATIVO | B65: 33 | C65: PDOT7 | D65: =VLOOKUP(C65,[2]PDOT!$A$4:$B$10,2,0) -> Fortalecer la estructura institucional para garantizar un sistema de gestión eficiente y de calidad que promueva la participación ciudadana | F65: VEHICULOS | G65: 8.4.01.05 | H65: Atender a 240 adultos mayores de los sectores vulnerables del cantón Guamote hasta el 2027 | I65: =VLOOKUP(H65,PDOT!$B$28:$C$56,2,0) -> Porcentaje de adquisiciones, y procedimientos institucionales realizados vs Porcentaje de adquisiciones, y procedimientos institucionales terminados con éxito. | J65: 0.25 | K65: 0.25 | L65: 0.25 | M65: 0.25 | N65: =IF(J65,"ENERO",IF(K65,"ABRIL",IF(L65,"JULIO",IF(M65,"DICIEMBRE",0)))) -> ENERO | O65: =IF(M65,"DICIEMBRE",IF(L65,"SEPTIEMBRE",IF(K65,"JUNIO",IF(J65,"ENERO",0)))) -> DICIEMBRE | P65: MANTENIMIENTOS | Q65: 1 | S65: DEPARTAMENTO ADMINISTRATIVO | T65: NUEVO | U65: INSTITUCIONAL
A66: ADMINISTRATIVO | B66: 34 | C66: PDOT7 | D66: =VLOOKUP(C66,[2]PDOT!$A$4:$B$10,2,0) -> Fortalecer la estructura institucional para garantizar un sistema de gestión eficiente y de calidad que promueva la participación ciudadana | F66: PASAJES AL INTERIOR | G66: 5.3.03.01 | J66: 0.25 | K66: 0.25 | L66: 0.25 | M66: 0.25 | N66: =IF(J66,"ENERO",IF(K66,"ABRIL",IF(L66,"JULIO",IF(M66,"DICIEMBRE",0)))) -> ENERO | O66: =IF(M66,"DICIEMBRE",IF(L66,"SEPTIEMBRE",IF(K66,"JUNIO",IF(J66,"ENERO",0)))) -> DICIEMBRE | P66: MANTENIMIENTOS | Q66: 1000 | S66: DEPARTAMENTO ADMINISTRATIVO | T66: NUEVO | U66: INSTITUCIONAL
A67: ADMINISTRATIVO | B67: 35 | C67: PDOT7 | D67: =VLOOKUP(C67,[2]PDOT!$A$4:$B$10,2,0) -> Fortalecer la estructura institucional para garantizar un sistema de gestión eficiente y de calidad que promueva la participación ciudadana | F67: PASAJES AL EXTERIOR | G67: 5.3.03.02 | J67: 0.25 | K67: 0.25 | L67: 0.25 | M67: 0.25 | N67: =IF(J67,"ENERO",IF(K67,"ABRIL",IF(L67,"JULIO",IF(M67,"DICIEMBRE",0)))) -> ENERO | O67: =IF(M67,"DICIEMBRE",IF(L67,"SEPTIEMBRE",IF(K67,"JUNIO",IF(J67,"ENERO",0)))) -> DICIEMBRE | P67: MANTENIMIENTOS | Q67: 4000 | S67: DEPARTAMENTO ADMINISTRATIVO | T67: NUEVO | U67: INSTITUCIONAL
A68: ADMINISTRATIVO | B68: 36 | C68: PDOT7 | D68: =VLOOKUP(C68,[2]PDOT!$A$4:$B$10,2,0) -> Fortalecer la estructura institucional para garantizar un sistema de gestión eficiente y de calidad que promueva la participación ciudadana | F68: VIATICOS Y SUBSISTECIA AL INTERIOR | G68: 5.3.03.03 | J68: 0.25 | K68: 0.25 | L68: 0.25 | M68: 0.25 | N68: =IF(J68,"ENERO",IF(K68,"ABRIL",IF(L68,"JULIO",IF(M68,"DICIEMBRE",0)))) -> ENERO | O68: =IF(M68,"DICIEMBRE",IF(L68,"SEPTIEMBRE",IF(K68,"JUNIO",IF(J68,"ENERO",0)))) -> DICIEMBRE | P68: MANTENIMIENTOS | Q68: 5000 | S68: DEPARTAMENTO ADMINISTRATIVO | T68: NUEVO | U68: INSTITUCIONAL
A69: ADMINISTRATIVO | B69: 37 | C69: PDOT7 | D69: =VLOOKUP(C69,[2]PDOT!$A$4:$B$10,2,0) -> Fortalecer la estructura institucional para garantizar un sistema de gestión eficiente y de calidad que promueva la participación ciudadana | F69: VIATICOS Y SUBSISTECIA AL EXTERIOR | G69: 5.3.03.04 | H69: Atender a 240 adultos mayores de los sectores vulnerables del cantón Guamote hasta el 2027 | I69: =VLOOKUP(H69,PDOT!$B$28:$C$56,2,0) -> Porcentaje de adquisiciones, y procedimientos institucionales realizados vs Porcentaje de adquisiciones, y procedimientos institucionales terminados con éxito. | J69: 0.25 | K69: 0.25 | L69: 0.25 | M69: 0.25 | N69: =IF(J69,"ENERO",IF(K69,"ABRIL",IF(L69,"JULIO",IF(M69,"DICIEMBRE",0)))) -> ENERO | O69: =IF(M69,"DICIEMBRE",IF(L69,"SEPTIEMBRE",IF(K69,"JUNIO",IF(J69,"ENERO",0)))) -> DICIEMBRE | P69: MANTENIMIENTOS | Q69: 4000 | S69: DEPARTAMENTO ADMINISTRATIVO | T69: NUEVO | U69: INSTITUCIONAL
A70: ADMINISTRATIVO | B70: 38 | C70: PDOT7 | D70: =VLOOKUP(C70,[2]PDOT!$A$4:$B$10,2,0) -> Fortalecer la estructura institucional para garantizar un sistema de gestión eficiente y de calidad que promueva la participación ciudadana | F70: SUBROGACIONES Y/O ENCARGOS | G70: 5.1.05.12 ; 5.1.05.13 | H70: Atender a 240 adultos mayores de los sectores vulnerables del cantón Guamote hasta el 2027 | I70: =VLOOKUP(H70,PDOT!$B$28:$C$56,2,0) -> Porcentaje de adquisiciones, y procedimientos institucionales realizados vs Porcentaje de adquisiciones, y procedimientos institucionales terminados con éxito. | J70: 0.25 | K70: 0.25 | L70: 0.25 | M70: 0.25 | N70: =IF(J70,"ENERO",IF(K70,"ABRIL",IF(L70,"JULIO",IF(M70,"DICIEMBRE",0)))) -> ENERO | O70: =IF(M70,"DICIEMBRE",IF(L70,"SEPTIEMBRE",IF(K70,"JUNIO",IF(J70,"ENERO",0)))) -> DICIEMBRE | P70: INFORME | Q70: 10000 | S70: TALENTO HUMANO | T70: NUEVO | U70: INSTITUCIONAL
A71: TOTAL 2025 | Q71: =+SUM(Q37:Q70) -> 428122.2 | R71: 589621.2 | S71: 422122.2 | T71: =+S71-Q71 -> -6000
A72: REGISTRO DE LA PROPIEDAD - $93,500.00
A73: DIRECCION | B73: NO. | C73: COD. | D73: Objetivo Estrategico PDyOT | E73: PROYECTO | F73: PLANES - PROGRAMAS - PROYECTOS - ACTIVIDADES | G73: PARTIDA PRESUPUESTARIA | H73: META | I73: INDICADOR | J73: PROGRAMACION CUATRIMESTRAL (%) | N73: DESDE | O73: HASTA | P73: MEDIO DE VERIFICACION | Q73: FONDOS PROPIOS | R73: FONDOS EXTERNOS | S73: SUB-UNIDAD RESPONSABLE | T73: NUEVO / ARRASTRE | U73: OBSERVACION
J74: I | K74: II | L74: III | M74: IV
A75: REGISTRO | B75: 1 | C75: PDOT7 | D75: =VLOOKUP(C75,PDOT!$A$4:$B$11,2,0) -> Fortalecer los mecanismos de participación ciudadana en la gestión pública y en la implementación de proyectos de desarrollo, asegurando la transparencia y la rendición de cuentas de las autoridades locales. | F75: MATERIALES DE OFICINA | G75: 5.3.08.04 | H75: Atender a 240 adultos mayores de los sectores vulnerables del cantón Guamote hasta el 2027 | I75: =VLOOKUP(H75,PDOT!$B$28:$C$56,2,0) -> Porcentaje de adquisiciones, y procedimientos institucionales realizados vs Porcentaje de adquisiciones, y procedimientos institucionales terminados con éxito. | J75: 0.25 | K75: 0.25 | L75: 0.5 | N75: =IF(J75,"ENERO",IF(K75,"ABRIL",IF(L75,"JULIO",IF(M75,"DICIEMBRE",0)))) -> ENERO | O75: =IF(M75,"DICIEMBRE",IF(L75,"SEPTIEMBRE",IF(K75,"JUNIO",IF(J75,"MARZO",0)))) -> SEPTIEMBRE | Q75: 1500 | S75: REGISTRO DE LA PROPIEDAD | T75: ARRASTRE
A76: REGISTRO | B76: 2 | C76: PDOT7 | D76: =VLOOKUP(C76,PDOT!$A$4:$B$11,2,0) -> Fortalecer los mecanismos de participación ciudadana en la gestión pública y en la implementación de proyectos de desarrollo, asegurando la transparencia y la rendición de cuentas de las autoridades locales. | F76: EDICIÓN,IMPRESIÓN,REPRODUCCIÓN,PUBLICACIONES,SUSCRIPCIONES,FOTOCOPIADO,TRADUCCIÓN,EMPASTADO,ENMARCACIÓN,SERIGRAFÍA, FOTOGRAFÍA, CARNETIZACIÓN, FILMACIÓN E IMÁGENES SATELITALES. | G76: 5.3.02.04 | H76: Atender a 240 adultos mayores de los sectores vulnerables del cantón Guamote hasta el 2027 | I76: =VLOOKUP(H76,PDOT!$B$28:$C$56,2,0) -> Porcentaje de adquisiciones, y procedimientos institucionales realizados vs Porcentaje de adquisiciones, y procedimientos institucionales terminados con éxito. | J76: 0.25 | K76: 0.25 | L76: 0.25 | M76: 0.25 | N76: =IF(J76,"ENERO",IF(K76,"ABRIL",IF(L76,"JULIO",IF(M76,"DICIEMBRE",0)))) -> ENERO | O76: =IF(M76,"DICIEMBRE",IF(L76,"SEPTIEMBRE",IF(K76,"JUNIO",IF(J76,"MARZO",0)))) -> DICIEMBRE | Q76: 2000 | S76: REGISTRO DE LA PROPIEDAD | T76: ARRASTRE
A77: REGISTRO | B77: 4 | C77: PDOT7 | D77: =VLOOKUP(C77,PDOT!$A$4:$B$11,2,0) -> Fortalecer los mecanismos de participación ciudadana en la gestión pública y en la implementación de proyectos de desarrollo, asegurando la transparencia y la rendición de cuentas de las autoridades locales. | F77: DIGITALIZACIÓN DE INFORMACIÓN Y DATOS PÚBLICOS | G77: 5.3.02.30 | H77: Atender a 240 adultos mayores de los sectores vulnerables del cantón Guamote hasta el 2027 | I77: =VLOOKUP(H77,PDOT!$B$28:$C$56,2,0) -> Porcentaje de adquisiciones, y procedimientos institucionales realizados vs Porcentaje de adquisiciones, y procedimientos institucionales terminados con éxito. | J77: 0.25 | K77: 0.25 | L77: 0.25 | M77: 0.25 | N77: =IF(J77,"ENERO",IF(K77,"ABRIL",IF(L77,"JULIO",IF(M77,"DICIEMBRE",0)))) -> ENERO | O77: =IF(M77,"DICIEMBRE",IF(L77,"SEPTIEMBRE",IF(K77,"JUNIO",IF(J77,"MARZO",0)))) -> DICIEMBRE | Q77: 80000 | S77: REGISTRO DE LA PROPIEDAD | T77: ARRASTRE
A78: REGISTRO | B78: 5 | C78: PDOT7 | D78: =VLOOKUP(C78,PDOT!$A$4:$B$11,2,0) -> Fortalecer los mecanismos de participación ciudadana en la gestión pública y en la implementación de proyectos de desarrollo, asegurando la transparencia y la rendición de cuentas de las autoridades locales. | F78: EQUIPOS SISTEMAS Y PAQUETES INFORMATICOS | G78: 8.4.01.07 | H78: Atender a 240 adultos mayores de los sectores vulnerables del cantón Guamote hasta el 2027 | I78: =VLOOKUP(H78,PDOT!$B$28:$C$56,2,0) -> Porcentaje de adquisiciones, y procedimientos institucionales realizados vs Porcentaje de adquisiciones, y procedimientos institucionales terminados con éxito. | J78: 0.25 | K78: 0.25 | L78: 0.5 | N78: =IF(J78,"ENERO",IF(K78,"ABRIL",IF(L78,"JULIO",IF(M78,"DICIEMBRE",0)))) -> ENERO | O78: =IF(M78,"DICIEMBRE",IF(L78,"SEPTIEMBRE",IF(K78,"JUNIO",IF(J78,"MARZO",0)))) -> SEPTIEMBRE | Q78: 10000 | S78: REGISTRO DE LA PROPIEDAD | T78: ARRASTRE
A79: TOTAL | Q79: =+SUM(Q75:Q78) -> 93500
A80: DIRECCION PLANIFICACION Y ORDENAMIENTO TERRITORIAL - $ 2,626,883.57
A81: DIRECCION | B81: NO. | C81: COD. | D81: Objetivo Estrategico PDyOT | E81: PROYECTO | F81: PLANES - PROGRAMAS - PROYECTOS - ACTIVIDADES | G81: PARTIDA PRESUPUESTARIA | H81: META | I81: INDICADOR | J81: PROGRAMACION CUATRIMESTRAL (%) | N81: DESDE | O81: HASTA | P81: MEDIO DE VERIFICACION | Q81: FONDOS PROPIOS | R81: FONDOS EXTERNOS | S81: SUB-UNIDAD RESPONSABLE | T81: NUEVO / ARRASTRE | U81: OBSERVACION
J82: I | K82: II | L82: III | M82: IV
A83: PLANIFICACION | B83: 1 | C83: PDOT1 | D83: =VLOOKUP(C83,PDOT!$A$4:$B$11,2,0) -> Incrementar la productividad agrícola y la sostenibilidad ambiental mediante la adopción de prácticas agrícolas modernas y respetuosas con el medio ambiente, asegurando la conservación de la biodiversidad y el mantenimiento de la fertilidad del suelo. | F83: ACTUALIZACION CATASTRAL DE LA PARROQUIA CEBADAS DEL CANTON GUAMOTE | G83: 7.3.06.01 | H83: Atención a 30 proyectos productivos en el cantón | I83: =VLOOKUP(H83,PDOT!$B$28:$C$56,2,0) -> Número de Hectáreas de áreas naturales protegidas | J83: 0.25 | K83: 0.25 | L83: 0.25 | M83: 0.25 | N83: =IF(J83,"ENERO",IF(K83,"ABRIL",IF(L83,"JULIO",IF(M83,"DICIEMBRE",0)))) -> ENERO | O83: =IF(M83,"DICIEMBRE",IF(L83,"SEPTIEMBRE",IF(K83,"JUNIO",IF(J83,"MARZO",0)))) -> DICIEMBRE | Q83: 200000 | S83: AVALUOS Y CATASTROS | T83: NUEVO | U83: INSTITUCIONAL
A84: PLANIFICACION | B84: 2 | C84: PDOT2 | D84: =VLOOKUP(C84,PDOT!$A$4:$B$11,2,0) -> Establecer Guamote como un referente de productos agrícolas de alta calidad, impulsando iniciativas de certificación, mejoramiento de la cadena de valor y estrategias de marketing que promuevan la identidad cultural y la sostenibilidad. | F84: VARIAS OBRAS DE CONSTRUCCION | G84: 7.5.01.07 | H84: Atención a 30 proyectos productivos en el cantón | I84: =VLOOKUP(H84,PDOT!$B$28:$C$56,2,0) -> Número de Hectáreas de áreas naturales protegidas | J84: 0.25 | K84: 0.25 | L84: 0.25 | M84: 0.25 | N84: =IF(J84,"ENERO",IF(K84,"ABRIL",IF(L84,"JULIO",IF(M84,"DICIEMBRE",0)))) -> ENERO | O84: =IF(M84,"DICIEMBRE",IF(L84,"SEPTIEMBRE",IF(K84,"JUNIO",IF(J84,"MARZO",0)))) -> DICIEMBRE | Q84: 100000 | S84: PLANIFICACION Y ORDENAMIENTO TERRITORIAL | T84: NUEVO | U84: INSTITUCIONAL
A85: PLANIFICACION | B85: 9 | C85: PDOT7 | D85: =VLOOKUP(C85,[2]PDOT!$A$4:$B$10,2,0) -> Fortalecer la estructura institucional para garantizar un sistema de gestión eficiente y de calidad que promueva la participación ciudadana | F85: EGRESOS PARA SITUACIONES DE EMERGENCIA | G85: 5.3.08.04 | H85: Atender a 240 adultos mayores de los sectores vulnerables del cantón Guamote hasta el 2027 | I85: =VLOOKUP(H85,PDOT!$B$28:$C$56,2,0) -> Porcentaje de adquisiciones, y procedimientos institucionales realizados vs Porcentaje de adquisiciones, y procedimientos institucionales terminados con éxito. | J85: 0.25 | K85: 0.25 | L85: 0.5 | N85: =IF(J85,"ENERO",IF(K85,"ABRIL",IF(L85,"JULIO",IF(M85,"DICIEMBRE",0)))) -> ENERO | O85: =IF(M85,"DICIEMBRE",IF(L85,"SEPTIEMBRE",IF(K85,"JUNIO",IF(J85,"MARZO",0)))) -> SEPTIEMBRE | P85: SUMINISTROS | Q85: 15000 | S85: SEGURIDAD CIUDADANA Y GESTIÓN DE RIESGOS | T85: NUEVO | U85: INSTITUCIONAL
A86: PLANIFICACION | B86: 2 | C86: PDOT5 | D86: =VLOOKUP(C86,PDOT!$A$4:$B$11,2,0) -> Desarrollar y promocionar el turismo rural y el agroturismo como medios para diversificar la economía local, preservar el patrimonio cultural y natural, y proporcionar nuevas fuentes de ingreso para la comunidad. | F86: ADQUISICION DE MATERIALES PARA LA CONSTRUCCION DE LOS ESTRIBOS DE UN PUENTE VEHICULAR TIPO BAILEY EN LA COMUNIDAD CHISMAUTE ALTO, PARROQUIA MATRIZ DEL CANTÓN GUAMOTE | G86: 7.3.08.11 | H86: Atender a 240 adultos mayores de los sectores vulnerables del cantón Guamote hasta el 2027 | I86: =VLOOKUP(H86,PDOT!$B$28:$C$56,2,0) -> Porcentaje de adquisiciones, y procedimientos institucionales realizados vs Porcentaje de adquisiciones, y procedimientos institucionales terminados con éxito. | K86: 0.25 | L86: 0.5 | M86: 0.25 | N86: =IF(J86,"ENERO",IF(K86,"ABRIL",IF(L86,"JULIO",IF(M86,"DICIEMBRE",0)))) -> ABRIL | O86: =IF(M86,"DICIEMBRE",IF(L86,"SEPTIEMBRE",IF(K86,"JUNIO",IF(J86,"MARZO",0)))) -> DICIEMBRE | P86: 80000 | Q86: 80000 | S86: PLANIFICACION Y ORDENAMIENTO TERRITORIAL | T86: NUEVO | U86: INFRAESTRUCTURA
A87: PLANIFICACION | B87: 3 | C87: PDOT7 | D87: =VLOOKUP(C87,PDOT!$A$4:$B$11,2,0) -> Fortalecer los mecanismos de participación ciudadana en la gestión pública y en la implementación de proyectos de desarrollo, asegurando la transparencia y la rendición de cuentas de las autoridades locales. | F87: REGENERACION DE LAS ZONAS URBANAS CONSOLIDADAS MEDIANTE LA READECUACION DE ESPACIOS PUBLICOS PATRIMONIALES DEL CANTON GUAMOTE | G87: 7.5.01.05 | H87: Atender a 240 adultos mayores de los sectores vulnerables del cantón Guamote hasta el 2027 | I87: =VLOOKUP(H87,PDOT!$B$28:$C$56,2,0) -> Porcentaje de adquisiciones, y procedimientos institucionales realizados vs Porcentaje de adquisiciones, y procedimientos institucionales terminados con éxito. | J87: 0.25 | K87: 0.25 | L87: 0.5 | N87: =IF(J87,"ENERO",IF(K87,"ABRIL",IF(L87,"JULIO",IF(M87,"DICIEMBRE",0)))) -> ENERO | O87: =IF(M87,"DICIEMBRE",IF(L87,"SEPTIEMBRE",IF(K87,"JUNIO",IF(J87,"MARZO",0)))) -> SEPTIEMBRE | P87: 743000 | S87: PLANIFICACION Y ORDENAMIENTO TERRITORIAL | T87: NUEVO | U87: VIAL
A88: PLANIFICACION | B88: 4 | C88: PDOT7 | D88: =VLOOKUP(C88,PDOT!$A$4:$B$11,2,0) -> Fortalecer los mecanismos de participación ciudadana en la gestión pública y en la implementación de proyectos de desarrollo, asegurando la transparencia y la rendición de cuentas de las autoridades locales. | F88: CONSTRUCCION DEL EDIFICIO DEL GAD MUNICIPAL, BLOQUE B | G88: 7.5.01.07 | H88: Atender a 240 adultos mayores de los sectores vulnerables del cantón Guamote hasta el 2027 | I88: =VLOOKUP(H88,PDOT!$B$28:$C$56,2,0) -> Porcentaje de adquisiciones, y procedimientos institucionales realizados vs Porcentaje de adquisiciones, y procedimientos institucionales terminados con éxito. | J88: 0.25 | K88: 0.5 | L88: 0.25 | N88: =IF(J88,"ENERO",IF(K88,"ABRIL",IF(L88,"JULIO",IF(M88,"DICIEMBRE",0)))) -> ENERO | O88: =IF(M88,"DICIEMBRE",IF(L88,"SEPTIEMBRE",IF(K88,"JUNIO",IF(J88,"MARZO",0)))) -> SEPTIEMBRE | Q88: 509375.57 | S88: PLANIFICACION Y ORDENAMIENTO TERRITORIAL | T88: NUEVO | U88: INFRAESTRUCTURA
A89: PLANIFICACION | B89: 5 | C89: PDOT7 | D89: =VLOOKUP(C89,PDOT!$A$4:$B$11,2,0) -> Fortalecer los mecanismos de participación ciudadana en la gestión pública y en la implementación de proyectos de desarrollo, asegurando la transparencia y la rendición de cuentas de las autoridades locales. | F89: PUESTA EN MARCHA DE LA PISCINA MUNICIPAL Y GARANTIA DE FUNCIONAMIENTO | G89: 7.5.05.01 | H89: Atender a 240 adultos mayores de los sectores vulnerables del cantón Guamote hasta el 2027 | I89: =VLOOKUP(H89,PDOT!$B$28:$C$56,2,0) -> Porcentaje de adquisiciones, y procedimientos institucionales realizados vs Porcentaje de adquisiciones, y procedimientos institucionales terminados con éxito. | J89: 0.25 | K89: 0.25 | L89: 0.5 | N89: =IF(J89,"ENERO",IF(K89,"ABRIL",IF(L89,"JULIO",IF(M89,"DICIEMBRE",0)))) -> ENERO | O89: =IF(M89,"DICIEMBRE",IF(L89,"SEPTIEMBRE",IF(K89,"JUNIO",IF(J89,"MARZO",0)))) -> SEPTIEMBRE | Q89: 80000 | S89: PLANIFICACION Y ORDENAMIENTO TERRITORIAL | T89: NUEVO | U89: AGUA POTABLE | Z89: =+Q90+Q128+Q169+Q256 -> 2626883.6 | AA89: 2546883.6 | AB89: =+AA89-Z89 -> -80000
A90: TOTAL | Q90: =+SUM(Q83:Q89) -> 984375.57
A91: DIRECCION PLANIFICACION Y ORDENAMIENTO TERRITORIAL - CEBADAS
A92: DIRECCION | B92: NO. | C92: COD. | D92: Objetivo Estrategico PDyOT | E92: PROYECTO | F92: PLANES - PROGRAMAS - PROYECTOS - ACTIVIDADES | G92: PARTIDA PRESUPUESTARIA | H92: META | I92: INDICADOR | J92: PROGRAMACION CUATRIMESTRAL EN % | N92: DESDE | O92: HASTA | P92: MEDIO DE VERIFICACION | Q92: FONDOS PROPIOS | R92: FONDOS EXTERNOS | S92: SUB-UNIDAD RESPONSABLE | T92: NUEVO / ARRASTRE | U92: OBSERVACION
J93: I | K93: II | L93: III | M93: IV
A94: PLANIFICACION | B94: 1 | C94: PDOT3 | D94: =VLOOKUP(C94,PDOT!$A$4:$B$11,2,0) -> Mejorar significativamente la infraestructura vial hacia el sector rural y los servicios básicos, priorizando el acceso universal a agua potable, saneamiento, energía renovable y conectividad, para mejorar la calidad de vida y fomentar la igualdad de oportunidades. | F94: LASTRADO Y MANTENIMIENTO VIAL PARA LA COMUNIDAD PUCA TOTORAS, PARROQUIA CEBADAS CANTON GUAMOTE | G94: 7.5.01.05 | H94: Atender a 240 adultos mayores de los sectores vulnerables del cantón Guamote hasta el 2027 | I94: =VLOOKUP(H94,PDOT!$B$28:$C$56,2,0) -> Porcentaje de adquisiciones, y procedimientos institucionales realizados vs Porcentaje de adquisiciones, y procedimientos institucionales terminados con éxito. | K94: 0.25 | L94: 0.5 | M94: 0.25 | N94: =IF(J94,"ENERO",IF(K94,"ABRIL",IF(L94,"JULIO",IF(M94,"DICIEMBRE",0)))) -> ABRIL | O94: =IF(M94,"DICIEMBRE",IF(L94,"SEPTIEMBRE",IF(K94,"JUNIO",IF(J94,"MARZO",0)))) -> DICIEMBRE | Q94: 8000 | S94: PLANIFICACION Y ORDENAMIENTO TERRITORIAL | T94: NUEVO | U94: VIAL
A95: PLANIFICACION | B95: 2 | C95: PDOT6 | D95: =VLOOKUP(C95,PDOT!$A$4:$B$11,2,0) -> Implementar políticas y programas para la conservación de la biodiversidad y el uso sostenible de los recursos naturales, incluyendo la creación de áreas protegidas y la promoción de prácticas de reforestación. | F95: ADQUISICIÓN DE MATERIALES PARA EL ADOQUINADO DE LA ENTRADA A LA ASOCIACIÓN DE DESARROLLO SOCIAL ICHUBAMBA MILMAHUANCHI, PARROQUIA CEBADAS DEL CANTÓN GUAMOTE | G95: 7.3.08.11 | H95: Atender a 240 adultos mayores de los sectores vulnerables del cantón Guamote hasta el 2027 | I95: =VLOOKUP(H95,PDOT!$B$28:$C$56,2,0) -> Porcentaje de adquisiciones, y procedimientos institucionales realizados vs Porcentaje de adquisiciones, y procedimientos institucionales terminados con éxito. | K95: 0.25 | L95: 0.5 | M95: 0.25 | N95: =IF(J95,"ENERO",IF(K95,"ABRIL",IF(L95,"JULIO",IF(M95,"DICIEMBRE",0)))) -> ABRIL | O95: =IF(M95,"DICIEMBRE",IF(L95,"SEPTIEMBRE",IF(K95,"JUNIO",IF(J95,"MARZO",0)))) -> DICIEMBRE | Q95: 10000 | S95: PLANIFICACION Y ORDENAMIENTO TERRITORIAL | T95: NUEVO | U95: ADOQUINADO
A96: PLANIFICACION | B96: 3 | C96: PDOT6 | D96: =VLOOKUP(C96,PDOT!$A$4:$B$11,2,0) -> Implementar políticas y programas para la conservación de la biodiversidad y el uso sostenible de los recursos naturales, incluyendo la creación de áreas protegidas y la promoción de prácticas de reforestación. | F96: LASTRADO Y MANTENIMIENTO VIAL PARA LA COMUNIDAD PANCUN ICHUBAMBA, PARROQUIA CEBADAS DEL CANTÓN GUAMOTE | G96: 7.5.01.05 | H96: Atender a 240 adultos mayores de los sectores vulnerables del cantón Guamote hasta el 2027 | I96: =VLOOKUP(H96,PDOT!$B$28:$C$56,2,0) -> Porcentaje de adquisiciones, y procedimientos institucionales realizados vs Porcentaje de adquisiciones, y procedimientos institucionales terminados con éxito. | K96: 0.25 | L96: 0.5 | M96: 0.25 | N96: =IF(J96,"ENERO",IF(K96,"ABRIL",IF(L96,"JULIO",IF(M96,"DICIEMBRE",0)))) -> ABRIL | O96: =IF(M96,"DICIEMBRE",IF(L96,"SEPTIEMBRE",IF(K96,"JUNIO",IF(J96,"MARZO",0)))) -> DICIEMBRE | Q96: 14000 | S96: PLANIFICACION Y ORDENAMIENTO TERRITORIAL | T96: NUEVO | U96: VIAL
A97: PLANIFICACION | B97: 4 | C97: PDOT6 | D97: =VLOOKUP(C97,PDOT!$A$4:$B$11,2,0) -> Implementar políticas y programas para la conservación de la biodiversidad y el uso sostenible de los recursos naturales, incluyendo la creación de áreas protegidas y la promoción de prácticas de reforestación. | F97: LASTRADO Y MANTENIMIENTO VIAL PARA LA COMUNIDAD BAZAN GRANDE, PARROQUIA CEBADAS DEL CANTÓN GUAMOTE | G97: 7.5.01.05 | H97: Atender a 240 adultos mayores de los sectores vulnerables del cantón Guamote hasta el 2027 | I97: =VLOOKUP(H97,PDOT!$B$28:$C$56,2,0) -> Porcentaje de adquisiciones, y procedimientos institucionales realizados vs Porcentaje de adquisiciones, y procedimientos institucionales terminados con éxito. | K97: 0.25 | L97: 0.5 | M97: 0.25 | N97: =IF(J97,"ENERO",IF(K97,"ABRIL",IF(L97,"JULIO",IF(M97,"DICIEMBRE",0)))) -> ABRIL | O97: =IF(M97,"DICIEMBRE",IF(L97,"SEPTIEMBRE",IF(K97,"JUNIO",IF(J97,"MARZO",0)))) -> DICIEMBRE | Q97: 10000 | S97: PLANIFICACION Y ORDENAMIENTO TERRITORIAL | T97: NUEVO | U97: VIAL
A98: PLANIFICACION | B98: 5 | C98: PDOT6 | D98: =VLOOKUP(C98,PDOT!$A$4:$B$11,2,0) -> Implementar políticas y programas para la conservación de la biodiversidad y el uso sostenible de los recursos naturales, incluyendo la creación de áreas protegidas y la promoción de prácticas de reforestación. | F98: MEJORAMIENTO DE LAS VIAS DE LA COMUNIDA TRANCA SAN LUIS, PARROQUIA CEBADAS DEL CANTÓN GUAMOTE | G98: 7.5.01.05 | H98: Atender a 240 adultos mayores de los sectores vulnerables del cantón Guamote hasta el 2027 | I98: =VLOOKUP(H98,PDOT!$B$28:$C$56,2,0) -> Porcentaje de adquisiciones, y procedimientos institucionales realizados vs Porcentaje de adquisiciones, y procedimientos institucionales terminados con éxito. | K98: 0.25 | L98: 0.5 | M98: 0.25 | N98: =IF(J98,"ENERO",IF(K98,"ABRIL",IF(L98,"JULIO",IF(M98,"DICIEMBRE",0)))) -> ABRIL | O98: =IF(M98,"DICIEMBRE",IF(L98,"SEPTIEMBRE",IF(K98,"JUNIO",IF(J98,"MARZO",0)))) -> DICIEMBRE | Q98: 12000 | S98: PLANIFICACION Y ORDENAMIENTO TERRITORIAL | T98: NUEVO | U98: VIAL
A99: PLANIFICACION | B99: 6 | C99: PDOT6 | D99: =VLOOKUP(C99,PDOT!$A$4:$B$11,2,0) -> Implementar políticas y programas para la conservación de la biodiversidad y el uso sostenible de los recursos naturales, incluyendo la creación de áreas protegidas y la promoción de prácticas de reforestación. | F99: MANTENIMIENTO Y LASTRADO VIAL DE LA COMUNIDAD SAN FRANCISCO DE CEBADAS, PARROQUIA CEBADAS DEL CANTÓN GUAMOTE | G99: 7.5.01.05 | H99: Atender a 240 adultos mayores de los sectores vulnerables del cantón Guamote hasta el 2027 | I99: =VLOOKUP(H99,PDOT!$B$28:$C$56,2,0) -> Porcentaje de adquisiciones, y procedimientos institucionales realizados vs Porcentaje de adquisiciones, y procedimientos institucionales terminados con éxito. | K99: 0.25 | L99: 0.5 | M99: 0.25 | N99: =IF(J99,"ENERO",IF(K99,"ABRIL",IF(L99,"JULIO",IF(M99,"DICIEMBRE",0)))) -> ABRIL | O99: =IF(M99,"DICIEMBRE",IF(L99,"SEPTIEMBRE",IF(K99,"JUNIO",IF(J99,"MARZO",0)))) -> DICIEMBRE | Q99: 9000 | S99: PLANIFICACION Y ORDENAMIENTO TERRITORIAL | T99: NUEVO | U99: VIAL
A100: PLANIFICACION | B100: 7 | C100: PDOT5 | D100: =VLOOKUP(C100,PDOT!$A$4:$B$11,2,0) -> Desarrollar y promocionar el turismo rural y el agroturismo como medios para diversificar la economía local, preservar el patrimonio cultural y natural, y proporcionar nuevas fuentes de ingreso para la comunidad. | F100: CONSTRUCCION DEL ESTADIO DE LA COMUNIDAD SAN JOSE DE ATILLO, PARROQUIA CEBADAS DEL CANTÓN GUAMOTE | G100: 7.5.01.07 | H100: Atender a 240 adultos mayores de los sectores vulnerables del cantón Guamote hasta el 2027 | I100: =VLOOKUP(H100,PDOT!$B$28:$C$56,2,0) -> Porcentaje de adquisiciones, y procedimientos institucionales realizados vs Porcentaje de adquisiciones, y procedimientos institucionales terminados con éxito. | K100: 0.25 | L100: 0.5 | M100: 0.25 | N100: =IF(J100,"ENERO",IF(K100,"ABRIL",IF(L100,"JULIO",IF(M100,"DICIEMBRE",0)))) -> ABRIL | O100: =IF(M100,"DICIEMBRE",IF(L100,"SEPTIEMBRE",IF(K100,"JUNIO",IF(J100,"MARZO",0)))) -> DICIEMBRE | P100: 95807.93 | Q100: 14000 | S100: PLANIFICACION Y ORDENAMIENTO TERRITORIAL | T100: NUEVO | U100: INFRAESTRUCTURA
A101: PLANIFICACION | B101: 8 | C101: PDOT6 | D101: =VLOOKUP(C101,PDOT!$A$4:$B$11,2,0) -> Implementar políticas y programas para la conservación de la biodiversidad y el uso sostenible de los recursos naturales, incluyendo la creación de áreas protegidas y la promoción de prácticas de reforestación. | F101: MANTENIMIENTO Y LASTRADO VIAL DE LA COMUNIDAD SAN VICENTE DE TABLILLAS, PARROQUIA CEBADAS DEL CANTÓN GAMOTE | G101: 7.5.01.05 | H101: Atender a 240 adultos mayores de los sectores vulnerables del cantón Guamote hasta el 2027 | I101: =VLOOKUP(H101,PDOT!$B$28:$C$56,2,0) -> Porcentaje de adquisiciones, y procedimientos institucionales realizados vs Porcentaje de adquisiciones, y procedimientos institucionales terminados con éxito. | K101: 0.25 | L101: 0.5 | M101: 0.25 | N101: =IF(J101,"ENERO",IF(K101,"ABRIL",IF(L101,"JULIO",IF(M101,"DICIEMBRE",0)))) -> ABRIL | O101: =IF(M101,"DICIEMBRE",IF(L101,"SEPTIEMBRE",IF(K101,"JUNIO",IF(J101,"MARZO",0)))) -> DICIEMBRE | Q101: 12000 | S101: PLANIFICACION Y ORDENAMIENTO TERRITORIAL | T101: NUEVO | U101: VIAL
A102: PLANIFICACION | B102: 9 | C102: PDOT6 | D102: =VLOOKUP(C102,PDOT!$A$4:$B$11,2,0) -> Implementar políticas y programas para la conservación de la biodiversidad y el uso sostenible de los recursos naturales, incluyendo la creación de áreas protegidas y la promoción de prácticas de reforestación. | F102: ADOQUINADO DE LA AV8 DE DICIEMBRE DE LA COMUNIDAD COFRADIA LA INMACULADA PARROQUIA CEBADAS DEL CANTÓN GUAMOTE | G102: 7.5.01.05 | H102: Atender a 240 adultos mayores de los sectores vulnerables del cantón Guamote hasta el 2027 | I102: =VLOOKUP(H102,PDOT!$B$28:$C$56,2,0) -> Porcentaje de adquisiciones, y procedimientos institucionales realizados vs Porcentaje de adquisiciones, y procedimientos institucionales terminados con éxito. | K102: 0.25 | L102: 0.5 | M102: 0.25 | N102: =IF(J102,"ENERO",IF(K102,"ABRIL",IF(L102,"JULIO",IF(M102,"DICIEMBRE",0)))) -> ABRIL | O102: =IF(M102,"DICIEMBRE",IF(L102,"SEPTIEMBRE",IF(K102,"JUNIO",IF(J102,"MARZO",0)))) -> DICIEMBRE | P102: 146156.05 | Q102: 10000 | S102: PLANIFICACION Y ORDENAMIENTO TERRITORIAL | T102: NUEVO | U102: ADOQUINADO
A103: PLANIFICACION | B103: 10 | C103: PDOT6 | D103: =VLOOKUP(C103,PDOT!$A$4:$B$11,2,0) -> Implementar políticas y programas para la conservación de la biodiversidad y el uso sostenible de los recursos naturales, incluyendo la creación de áreas protegidas y la promoción de prácticas de reforestación. | F103: ENSANCHAMIENTO DE CURVAS, LASTRADO Y MANTENIMIENTO VIAL DE LA COMUNA GUARGUALLA SAN EDUARDO, PARROQUIA CEBADAS DEL CANTÓN GUAMOTE | G103: 7.5.01.05 | H103: Atender a 240 adultos mayores de los sectores vulnerables del cantón Guamote hasta el 2027 | I103: =VLOOKUP(H103,PDOT!$B$28:$C$56,2,0) -> Porcentaje de adquisiciones, y procedimientos institucionales realizados vs Porcentaje de adquisiciones, y procedimientos institucionales terminados con éxito. | K103: 0.25 | L103: 0.5 | M103: 0.25 | N103: =IF(J103,"ENERO",IF(K103,"ABRIL",IF(L103,"JULIO",IF(M103,"DICIEMBRE",0)))) -> ABRIL | O103: =IF(M103,"DICIEMBRE",IF(L103,"SEPTIEMBRE",IF(K103,"JUNIO",IF(J103,"MARZO",0)))) -> DICIEMBRE | Q103: 8000 | S103: PLANIFICACION Y ORDENAMIENTO TERRITORIAL | T103: NUEVO | U103: INFRAESTRUCTURA
A104: PLANIFICACION | B104: 11 | C104: PDOT6 | D104: =VLOOKUP(C104,PDOT!$A$4:$B$11,2,0) -> Implementar políticas y programas para la conservación de la biodiversidad y el uso sostenible de los recursos naturales, incluyendo la creación de áreas protegidas y la promoción de prácticas de reforestación. | F104: MANTENIMIENTO Y LASTRADO VIAL DE LA COMUNIDAD RETEN ICHUBAMBA, PARROQUIA CEBADAS DEL CANTÓN GUAMOTE | G104: 7.5.01.05 | H104: Atender a 240 adultos mayores de los sectores vulnerables del cantón Guamote hasta el 2027 | I104: =VLOOKUP(H104,PDOT!$B$28:$C$56,2,0) -> Porcentaje de adquisiciones, y procedimientos institucionales realizados vs Porcentaje de adquisiciones, y procedimientos institucionales terminados con éxito. | K104: 0.25 | L104: 0.5 | M104: 0.25 | N104: =IF(J104,"ENERO",IF(K104,"ABRIL",IF(L104,"JULIO",IF(M104,"DICIEMBRE",0)))) -> ABRIL | O104: =IF(M104,"DICIEMBRE",IF(L104,"SEPTIEMBRE",IF(K104,"JUNIO",IF(J104,"MARZO",0)))) -> DICIEMBRE | Q104: 14000 | S104: PLANIFICACION Y ORDENAMIENTO TERRITORIAL | T104: NUEVO | U104: INFRAESTRUCTURA
A105: PLANIFICACION | B105: 12 | C105: PDOT5 | D105: =VLOOKUP(C105,PDOT!$A$4:$B$11,2,0) -> Desarrollar y promocionar el turismo rural y el agroturismo como medios para diversificar la economía local, preservar el patrimonio cultural y natural, y proporcionar nuevas fuentes de ingreso para la comunidad. | F105: CONSTRUCCIÓN DE LA CUBIERTA PARA EL PATIO DEL COMITE DE DESARROLLO COMUNITARIO ICHUBAMBA BAJO, PARROQUIA CEBADAS DEL CANTÓN GUAMOTE | G105: 7.5.01.07 | H105: Atender a 240 adultos mayores de los sectores vulnerables del cantón Guamote hasta el 2027 | I105: =VLOOKUP(H105,PDOT!$B$28:$C$56,2,0) -> Porcentaje de adquisiciones, y procedimientos institucionales realizados vs Porcentaje de adquisiciones, y procedimientos institucionales terminados con éxito. | K105: 0.25 | L105: 0.5 | M105: 0.25 | N105: =IF(J105,"ENERO",IF(K105,"ABRIL",IF(L105,"JULIO",IF(M105,"DICIEMBRE",0)))) -> ABRIL | O105: =IF(M105,"DICIEMBRE",IF(L105,"SEPTIEMBRE",IF(K105,"JUNIO",IF(J105,"MARZO",0)))) -> DICIEMBRE | P105: =16000+41198.8 -> 57198.8 | Q105: 8000 | S105: PLANIFICACION Y ORDENAMIENTO TERRITORIAL | T105: NUEVO | U105: VIAL
A106: PLANIFICACION | B106: 13 | C106: PDOT6 | D106: =VLOOKUP(C106,PDOT!$A$4:$B$11,2,0) -> Implementar políticas y programas para la conservación de la biodiversidad y el uso sostenible de los recursos naturales, incluyendo la creación de áreas protegidas y la promoción de prácticas de reforestación. | F106: MANTENIMIENTO Y LASTRADO VIAL DE LA COMUNIDAD JURÍDICA GAURÓN COCHAPAMBA, PARROQUIA CEBADAS DEL CANTÓN GUAMOTE | G106: 7.5.01.05 | H106: Atender a 240 adultos mayores de los sectores vulnerables del cantón Guamote hasta el 2027 | I106: =VLOOKUP(H106,PDOT!$B$28:$C$56,2,0) -> Porcentaje de adquisiciones, y procedimientos institucionales realizados vs Porcentaje de adquisiciones, y procedimientos institucionales terminados con éxito. | K106: 0.25 | L106: 0.5 | M106: 0.25 | N106: =IF(J106,"ENERO",IF(K106,"ABRIL",IF(L106,"JULIO",IF(M106,"DICIEMBRE",0)))) -> ABRIL | O106: =IF(M106,"DICIEMBRE",IF(L106,"SEPTIEMBRE",IF(K106,"JUNIO",IF(J106,"MARZO",0)))) -> DICIEMBRE | Q106: 9000 | S106: PLANIFICACION Y ORDENAMIENTO TERRITORIAL | T106: NUEVO | U106: INFRAESTRUCTURA
A107: PLANIFICACION | B107: 14 | C107: PDOT6 | D107: =VLOOKUP(C107,PDOT!$A$4:$B$11,2,0) -> Implementar políticas y programas para la conservación de la biodiversidad y el uso sostenible de los recursos naturales, incluyendo la creación de áreas protegidas y la promoción de prácticas de reforestación. | F107: LASTRADO, MANTENIMIENTO Y ENSANCHAMIENTO DE CURVAS EN LAS VIAS DE LA COMUNIDAD SAN ANTONIO DE CEBADAS, PARROQUIA CEBADAS DEL CANTÓN GUAMOTE | G107: 7.5.01.05 | H107: Atender a 240 adultos mayores de los sectores vulnerables del cantón Guamote hasta el 2027 | I107: =VLOOKUP(H107,PDOT!$B$28:$C$56,2,0) -> Porcentaje de adquisiciones, y procedimientos institucionales realizados vs Porcentaje de adquisiciones, y procedimientos institucionales terminados con éxito. | K107: 0.25 | L107: 0.5 | M107: 0.25 | N107: =IF(J107,"ENERO",IF(K107,"ABRIL",IF(L107,"JULIO",IF(M107,"DICIEMBRE",0)))) -> ABRIL | O107: =IF(M107,"DICIEMBRE",IF(L107,"SEPTIEMBRE",IF(K107,"JUNIO",IF(J107,"MARZO",0)))) -> DICIEMBRE | Q107: 12000 | S107: PLANIFICACION Y ORDENAMIENTO TERRITORIAL | T107: NUEVO | U107: VIAL
...

Sheet Hoja1
B2: OBJETIVOS | G2: OB1 | I2: OB2 | K2: OB3 | M2: OB4
A3: ORDENADA EN DESARROLLO | B3: OB_1 | C3: Organizar el territorio cantonal con soluciones para las deficiencias de ordenamiento, infraestructura, equipamiento de servicios públicos, movilidad y transporte, vivienda, ambiente y gestión de riesgos. | G3: Planificar y ejercer el control del uso y ocupación del suelo del cantón, así como los planes de ordenamiento territorial. | I3: Proporcionar servicios de salud de calidez y calidad a cada uno de los grupos sociales del cantón Guamote. | K3: Fomentar el ejercicio de actividades económicas, empresariales o profesionales, que se desarrollen en cantón Guamote. | M3: Promover un cambio de cultura organizacional, para responder a las necesidades de los clientes- usuarios.
A4: TRANSPARENCIA Y HUMANA | B4: OB_2 | C4: Mejorar las condiciones sociales de los ciudadanos y ciudadanas, coordinando acciones que permitan satisfacer las demandas de la población con el fin de mejorar la calidad de vida. | G4: Desarrollar planes y programas cantonales de vivienda de interés social para implementar el derecho al hábitat y a la vivienda. | I4: Implementar política pública local para la promoción y construcción de equidad, género e inclusión en el cantón. | K4: Promover el desarrollo de la actividad turística cantonal. | M4: Fortalecer la participación democrática de la sociedad en la planeación, ejecución y evaluación del GADC, Guamote
A5: ECONÓMICA Y PRODUCTIVA | B5: OB_3 | C5: Alcanzar un crecimiento equilibrado y equitativo de la producción, el comercio y los servicios, de forma consensuada entre el municipio y los diferentes actores locales. | G5: Elaborar y administrar los catastros inmobiliarios urbanos y rurales. | I5: Promover y patrocinar las culturas, las artes, actividades deportivas y recreativas en beneficio de la colectividad. | M5: Demostrar a la ciudadanía que existe un gobierno transparente, como resultado de la correcta inversión de los recursos públicos.
A6: GOBIERNO LOCAL FORTALECIDO, CERCANO Y TRANSPARENTE | B6: OB_4 | C6: Implementar mecanismos que permitan fortalecer y generar la participación social, con el fin de tener cercanía con la ciudadanía y trabajar con certeza en las necesidades que demanda la población. | G6: Construir obra pública con criterios de calidad, eficacia y eficiencia. | I6: Construir y mantener la infraestructura física en los espacios públicos destinados al desarrollo deportivo y recreacional.
G7: Construir y mantener espacios públicos destinados al desarrollo social, cultural y deportivo cantonal. | I7: Formular y ejecutar políticas locales de planes seguridad y convivencia ciudadana.
G8: Prestar servicios públicos de calidad.
G9: Planificar el control del tránsito y transporte , así como la construcción y el mantenimiento de la vialidad urbana
G10: Regular y controlar la contaminación ambiental, el uso y acceso a lechos de ríos, lagos y lagunas del cantón.
G11: Gestionar los servicios de prevención, protección, socorro y extinción de incendios;
B15: OBJEVITVOS ALCALDE

Sheet PDOT
A3: PDOTOBJ
A4: PDOT1 | B4: Incrementar la productividad agrícola y la sostenibilidad ambiental mediante la adopción de prácticas agrícolas modernas y respetuosas con el medio ambiente, asegurando la conservación de la biodiversidad y el mantenimiento de la fertilidad del suelo.
A5: PDOT2 | B5: Establecer Guamote como un referente de productos agrícolas de alta calidad, impulsando iniciativas de certificación, mejoramiento de la cadena de valor y estrategias de marketing que promuevan la identidad cultural y la sostenibilidad.
A6: PDOT3 | B6: Mejorar significativamente la infraestructura vial hacia el sector rural y los servicios básicos, priorizando el acceso universal a agua potable, saneamiento, energía renovable y conectividad, para mejorar la calidad de vida y fomentar la igualdad de oportunidades.
A7: PDOT4 | B7: Garantizar la oferta de programas educativos y de capacitación continua que respondan a las necesidades del desarrollo sostenible de Guamote, enfatizando en la agroecología, el manejo de recursos y la gestión territorial.
A8: PDOT5 | B8: Desarrollar y promocionar el turismo rural y el agroturismo como medios para diversificar la economía local, preservar el patrimonio cultural y natural, y proporcionar nuevas fuentes de ingreso para la comunidad.
A9: PDOT6 | B9: Implementar políticas y programas para la conservación de la biodiversidad y el uso sostenible de los recursos naturales, incluyendo la creación de áreas protegidas y la promoción de prácticas de reforestación.
A10: PDOT7 | B10: Fortalecer los mecanismos de participación ciudadana en la gestión pública y en la implementación de proyectos de desarrollo, asegurando la transparencia y la rendición de cuentas de las autoridades locales.
A11: PDOT8 | B11: Mejorar el acceso a los servicios de salud, con un enfoque en la prevención y nutrición infantil, atención a mujeres y grupos en situación de vulnerabilidad, atención en salud que integre los conocimientos tradicionales y las prácticas de salud modernas, para lograr una población rural saludable y bien informada. | J11: METAS
D13: PDOT1 | F13: PDOT2 | H13: PDOT3 | J13: PDOT4 | L13: PDOT5 | N13: PDOT6 | P13: PDOT8 | R13: PDOT7
D14: Atención a 30 proyectos productivos en el cantón | F14: Dotar a 120 comunidades de semovientes de raza mejorada hasta el 2027 | H14: Ejecutar 4 programas destinados a la recolección y manejo adecuado de residuos solidos al 2027 | J14: Invertir en la educación con un enfoque en la agroecología y gestión territorial, permitiendo que jóvenes y adultos adquieran habilidades pertinentes para el desarrollo local. Se promoverán programas de formación técnica y profesional que estén alineados con las necesidades del cantón. | L14: Difundir 4 eventos culturales que promuevan la identidad cultural del cantón Guamote anualmente al 2022 | N14: Actualización del plan de uso y gestión del suelo para el sector rural del cantón Guamote | P14: Atender a 160 niñas, niños y adolescentes entre 5 y 17 años de los sectores vulnerables del cantón Guamote hasta el 2027 | R14: Formar una escuela de fútbol para niños y jóvenes del cantón
F15: Elaborar un estudio y diseño del mercado mayorista del cantón Guamote hasta el 2024 | H15: Colocación de 30 contenedores de basura en comunidades rurales | P15: Atender a 240 adultos mayores de los sectores vulnerables del cantón Guamote hasta el 2027 | R15: Brindar apoyo a 9000 estudiantes de los niveles inicial, básica y bachillerato
F16: Realizar mantenimiento a 10 infraestructuras existentes y brindar capacitación a los productores agrícolas y ganaderos | H16: Programa de recuperación ambiental de las cuencas hídricas del cantón, en una longitud de 2km, en el tramo que atraviesa la ciudad y otros ríos | P16: Habilitar un espacio físico, funcional y con asistencia técnica, como centro de acogida de mujeres en situación de vulnerabilidad | R16: Repotenciación de la Piscina Municipal de Guamote
H17: Mejorar el servicio de cobertura de agua potable de 50comunidades del cantón Guamote al 2023. | R17: Implementar anualmente 3 mecanismos de participación ciudadana en las actividades desarrolladas por el Gobierno Cantonal hasta el 2027
H18: Mejorar y construir sistemas de alcantarillado de 5 comunidades al 2030 | R18: Realizar 2 capacitaciones al año
H19: Construcción de una planta de tratamiento para la cabecera cantonal
H20: Construir, mantener y reparar la infraestructura destinada a servicios, recreación, deporte, cultura y comercio en el Cantón, hasta el 2027
H21: Planificar, construir y mantener 15 espacios públicos destinados al desarrollo social, cultural y deportivo
H22: Actualización del Catastro del cantón.
H23: Elaboración de estudios de regeneración urbana y construcción del proyecto
H24: Construcción de nuevas conexiones viales, Mantenimiento vial de 85 kilómetros en todo el cantón, al 2027
H25: Dotar de adoquinado, asfaltado y mejoramiento de capas de rodadura de las calles de la cabecera cantonal, y los centros poblados de las parroquias del cantón Guamote hasta 2027. Ampliar a 4 carriles la vía E35.
H26: Dotar a 5 barrios y/o comunidades del servicio de alumbrado eléctrico a 2027
B27: META | C27: INDICADOR | H27: Habilitar Infocentro en espacios públicos y centros poblados de 10 comunidades, con la facilidad de conexión wiffi gratuito para toda la población
B28: Atención a 30 proyectos productivos en el cantón | C28: Número de Hectáreas de áreas naturales protegidas
B29: Dotar a 120 comunidades de semovientes de raza mejorada hasta el 2027 | C29: Número de niñas, niños y adolescentes atendidos
B30: Elaborar un estudio y diseño del mercado mayorista del cantón Guamote hasta el 2024 | C30: Números de adultos mayores atendidos
B31: Realizar mantenimiento a 10 infraestructuras existentes y brindar capacitación a los productores agrícolas y ganaderos | C31: Número de eventos culturales difundidos
B32: Ejecutar 4 programas destinados a la recolección y manejo adecuado de residuos solidos al 2027 | C32: Número de estudios y diseños elaborados
B33: Colocación de 30 contenedores de basura en comunidades rurales | C33: Número de comunidades con cobertura de agua potable mejoradas
B34: Programa de recuperación ambiental de las cuencas hídricas del cantón, en una longitud de 2km, en el tramo que atraviesa la ciudad y otros ríos | C34: Número de viviendas con redes de alcantarillado
B35: Mejorar el servicio de cobertura de agua potable de 50comunidades del cantón Guamote al 2023. | C35: Número de comunidades con sistema de alcantarillado mejorado
B36: Mejorar y construir sistemas de alcantarillado de 5 comunidades al 2030 | C36: Número de comunidades con sistema de alcantarillado mejorado
B37: Construcción de una planta de tratamiento para la cabecera cantonal | C37: Número de plantas de tratamiento de aguas residuales mantenidas
B38: Construir, mantener y reparar la infraestructura destinada a servicios, recreación, deporte, cultura y comercio en el Cantón, hasta el 2027 | C38: Número de plantas de tratamiento de aguas residuales mantenidas
B39: Planificar, construir y mantener 15 espacios públicos destinados al desarrollo social, cultural y deportivo | C39: Número de programas destinados a la recolección y manejo adecuado de desechos sólidos ejecutados
... B56: Habilitar un espacio físico, funcional y con asistencia técnica, como centro de acogida de mujeres en situación de vulnerabilidad | C56: Porcentaje de adquisiciones, y procedimientos institucionales realizados vs Porcentaje de adquisiciones, y procedimientos institucionales terminados con éxito.
N57: INFORME DE PAGO
N58: ACTA ENTREGA RECEPCION
N59: ACTA ENTREGA RECEPCION
N60: INFORME DE SATISFACCION Y ACTA ENTREGA RECEPCION
N61: LICENCIAS
N62: EQUIPAMIENTO
N63: PERMISOS
N64: PRENDAS DE PROTECCION
N65: MEDICAMENTO E INSUMOS MEDICOS
N66: EXAMENES ESPECIALES
N67: CAPACITACIONES
N68: UNIFORMES
... N74: MANTENIMIENTOS

Sheet DIRECCIONES
B3: DIRECCIONES | D3: ALCALDIA | E3: DIRECCION FINANCIERA | F3: DIRECCION ADMINISTRATIVA | G3: REGISTRO DE LA PROPIEDAD | H3: DIRECCION DE PLANIFICACION Y ORDENAMIENTO TERRITORIAL | I3: DIRECCION DE DESARROLLO LOCAL | J3: MIES | K3: DIRECCION DE OBRAS PUBLICAS
B4: ALCALDIA | D4: ASESORIA GENRAL | E4: DEPARTAMENTO FINANCIERO | F4: TICS | G4: REGISTRO DE LA PROPIEDAD | H4: PLANIFICACION Y ORDENAMIENTO TERRITORIAL | I4: UNIDAD DE DESARROLLO ECONÓMICO | J4: UNIDAD DEL MIES | K4: OBRAS PUBLICAS
B5: FINANCIERO | H5: SEGURIDAD CIUDADANA Y GESTIÓN DE RIESGOS
B6: ADMINISTRATIVO | D6: COMUNICACIÓN SOCIAL | F6: SERVICIOS GENERALES | H6: PLANIFICACION URBANISTICA Y PATRIMONIO | I6: UNIDAD DE SERVICIOS MUNICIPALES | K6: EQUIPO CAMINERO
B7: REGISTRO | D7: RADIO PUBLICA | F7: SEGURIDAD Y SALUD EN EL TRABAJO | H7: AVALUOS Y CATASTROS | I7: UNIDAD DE TURISMO, CULTURA, RECREACIÓN Y DEPORTES | K7: JEFATURA DE GESTIÓN AMBIENTAL
B8: PLANIFICACION | D8: ASESORIA JURIDICA | F8: DEPARTAMENTO ADMINISTRATIVO | H8: JEFATURA DE TRANSITO Y TRANSPORTE | I8: GRUPOS DE ATENCION PRIORITARIO | K8: SUBDIRECCION DE AGUA POTABLE Y ALCANTARILLADO
B9: DESARROLLO | F9: TALENTO HUMANO | H9: GESTION DE RIESGOS
B10: MIES
B11: OBRAS

Sheet OB-ME-IN
B1: METAS | C1: INDICADOR
B2: Adquisición de insumos, bienes y servicios que son esenciales para llevar a cabo las funciones administrativas financieras y operativas de nuestra institución, de manera satisfactoria, garantizando un buen funcionamiento de la institución. | C2: Porcentaje de adquisiciones, y procedimientos institucionales realizados vs Porcentaje de adquisiciones, y procedimientos institucionales terminados con éxito.
B3: Fortalecer los mecanismos de vinculación con la comunidad en los diferentes servicios y actividades que desarrolla el GADMCG | C3: Procentaje de promoción y difusión en medios de comunicacion, así como formularios, afiches, tótems, invitaciones y papelería en general.
B4: Regenerar y planificar el sistema vial y de movilidad del canton en busca de la mejora de las condiciones de vida y los sistemas sociales y economicos del canton. | C4: ÍNDICE DE EJECUCIÓN DE PROYECTOS VIALES= # de proyectos ejecutados/# de proyectos planificados.
B5: Regenerar las zonas urbanas consolidadas y contar con una planificacion urbana territorial a largo plazo. | C5: ÍNDICE DE EJECUCIÓN DE PROYECTOS/ESTUDIOS= # de proyectos ejecutados/# de proyectos planificados.
B6: Planificar, construir y mantener la infraestructura física y los equipamientos de salud y educacion, así como los espacios públicos destinados al desarrollo social, cultural y deportivo, de acuerdo con la ley. | C6: ÍNDICE DE EJECUCIÓN DE PROYECTOS= # de proyectos ejecutados/# de proyectos planificados.
B7: Dotar de agua segura, alcantarillado y tratamiento de aguas residuales progresivamente al canton Guamote. | C7: ÍNDICE DE EJECUCIÓN DE PROYECTOS DE AGUA POTABLE Y ALCANTARILLADO= # de proyectos ejecutados/# de proyectos planificados.
B8: Fortalecimiento de las cadenas productivas del canton | C8: ÍNDICE DE EJECUCIÓN DE PROYECTOS DE PRODUCTIVOS= # de proyectos ejecutados/# de proyectos planificados.
B9: Difundir eventos culturales que promuevan la identidad cultural del cantón Guamote | C9: # de eventos culturales difundidos
B10: Mejorar la calidad de vida de los sectores más vulnerables del cantón a través de la articulación y coordinación con los programas sociales del gobierno nacional. | C10: Número # de niñas, niños, adolescentes, mujeres embarazadas y adultos mayores atendidos
B11: Implementar mecanismos de participación ciudadana en las actividades desarrolladas por el Gobierno Cantonal | C11: Número de mecanismos de participación implementados.
B12: Dotar de adoquinado a calles del canton Guamote | C12: ÍNDICE DE EJECUCIÓN DE PROYECTOS DE ADOQUINADO = # de proyectos ejecutados/# de proyectos planificados.
